 Dungeon Crawl Stone Soup version 0.32-a0-42-ga30500b4d3 (webtiles) character file.

Game seed: 11600075483002659334

621227 Ambrosia the Hoplite (level 27, 22/182 HPs) *EXPLORE*
             Began as a Demonspawn Fighter on Feb 2, 2024.
             Was the Champion of Hepliaklqana.
             Quit the game on level 2 of the Tomb of the Ancients.
             The game lasted 01:22:53 (75236 turns).

Ambrosia the Hoplite (Demonspawn Fighter)          Turns: 75236, Time: 01:22:54

Health: 22/182     AC: 42    Str: 35 (36) XL:     27
Magic:  23/23      EV: 15    Int:  4 (6)  God:    Hepliaklqana [******]
Gold:   8363       SH: 32    Dex: 16      Spells: 26/26 levels left

rFire   x . .        m - +7 demon trident (spect)
rCold   . . .        B - +5 kite shield {AC+3}
rNeg    + . .        Z - +18 Cigotuvi's embrace {Corpsefed rMiasma ^Drain rN+}
rPois   .            (no helmet)
rElec   .            T - +2 cloak of the Thief {*Fog Slay-2 SInv Stlth+}
rCorr   .            s - +2 pair of gloves
SInv    +            (boots unavailable)
Will    ++...        l - amulet of reflection
Stlth   ++           D - +6 ring of strength
HPRegen 0.00/turn    i - +6 ring of strength
MPRegen 0.18/turn

%: repel missiles, reflection
@: inhibited regen, slowed, very slow
A: reduced essence, hooves 3, repulsion field 3, icemail 2, augmentation 3,
condensation shield, demonic magic 3, see invisible, deterioration 1, dopey 2,
frail 1, screaming 1, inhibited regeneration, weak 1, evolution 1, heat
vulnerability 1
}: 3/15 runes: decaying, serpentine, silver
a: Renounce Religion, Recall Ancestor, Ancestor Identity, Transference, Idealise


You were on level 2 of the Tomb of the Ancients.
You worshipped Hepliaklqana.
Hepliaklqana was exalted by your worship.
You visited 11 branches of the dungeon, and saw 50 of its levels.
You also visited: Gauntlet, Volcano and Wizlab.

You collected 9819 gold pieces.
You spent 1456 gold pieces at shops.

Inventory:

Hand Weapons
 m - a +7 spectral demon trident (weapon)
   (You subdued it on level 11 of the Dungeon)
 A - the +7 captain's cutlass {speed, disarm}
   (You found it on level 1 of the Realm of Zot)
 G - the +8 demon blade "Leech" {evervamp, Harm ^Drain rN+}
   (You found it on level 1 of the Lair of Beasts)

   rN+:       It protects you from negative energy.
   ^Drain:    It drains your maximum health when unequipped.
   Harm:      It increases damage dealt and taken.
Missiles
 w - a throwing net {=f, !d}
Armour
 s - a +2 pair of gloves (worn)
   (You found it on level 4 of the Dungeon)
 B - a +5 kite shield of protection (worn)
   (You took it off a tengu warrior on level 13 of the Dungeon)
 M - the +3 pair of mountain boots {steadfast, rC+}
   (You found it in a Gauntlet)

   Steadfast: It prevents involuntary movement, except for blinking,
   teleportation, or banishment.
   rC+:       It protects you from cold.
 T - the +2 cloak of the Thief (worn) {*Fog Slay-2 SInv Stlth+}
   (You found it on level 3 of the Depths)

   *Fog:      It may release a thick cloud of smoke when the wearer is hurt.
   Slay-2:    It affects your accuracy & damage with ranged weapons and melee
   (-2).
   SInv:      It lets you see invisible.
   Stlth+:    It makes you more stealthy.
 Z - the +18 Cigotuvi's embrace (worn) {Corpsefed rMiasma ^Drain rN+}
   (You found it in a wizard's laboratory)

   Corpsefed: It gathers nearby corpses to temporarily increase the armour it
   provides.
   rMiasma:   It protects you from foul pestilence.
   rN+:       It protects you from negative energy.
   ^Drain:    It drains your maximum health when unequipped.
Magical Staves
 F - a staff of air {rElec}
   (You found it on level 1 of the Tomb of the Ancients)
Jewellery
 c - a ring of fire {rF+, rC-}
   (You found it on level 1 of the Tomb of the Ancients)
 i - a +6 ring of strength (right hand)
   (You found it on level 3 of the Vaults)
 l - an amulet of reflection (around neck)
   (You acquired it on level 4 of the Dungeon)
 D - a +6 ring of strength (left hand)
   (You found it on level 8 of the Dungeon)
 K - a ring of willpower
   (You found it on level 1 of the Tomb of the Ancients)
 N - an amulet of the acrobat
   (You found it on level 1 of the Tomb of the Ancients)
 S - the ring of Shadows {Umbra +Inv Stlth+}
   (You found it on level 3 of the Depths)

   [ring of stealth]

   Umbra:     It surrounds you with an aura of shadow, increasing your stealth
   and reducing the accuracy of all others within it.
   +Inv:      It lets you turn invisible.
   Stlth+:    It makes you more stealthy.
Wands
 e - a wand of charming (47)
   (You found it on level 9 of the Dungeon)
 j - a wand of roots (30)
   (You found it on level 7 of the Dungeon)
 v - a wand of flame (134)
   (You took it off Ijyb on level 5 of the Dungeon)
 I - a wand of polymorph (27)
   (You found it on level 10 of the Dungeon)
 J - a wand of digging (20)
   (You found it on level 11 of the Dungeon)
 P - a wand of mindburst (48)
   (You found it on level 15 of the Dungeon)
 U - a wand of acid (40)
   (You found it on level 2 of the Lair of Beasts)
Scrolls
 b - 6 scrolls of revelation
 g - a scroll of enchant weapon
 h - 2 scrolls of summoning
 k - 22 scrolls of teleportation {!r!d, @r3}
 n - 12 scrolls of fear
 u - a scroll of silence
 x - 14 scrolls of poison {!r}
 z - 11 scrolls of blinking {!r!d}
 E - 4 scrolls of enchant armour
 O - 24 scrolls of identify {@r1}
 R - 6 scrolls of fog
Potions
 a - 2 potions of magic
 d - 5 potions of might
 f - 11 potions of heal wounds {@q2, !d}
 o - 19 potions of curing {@q1, !d}
 q - 10 potions of mutation {!q}
 r - 2 potions of enlightenment
 C - 4 potions of invisibility
 H - a potion of brilliance
 L - 4 potions of berserk rage {!q}
 Q - 10 potions of haste
 W - 2 potions of cancellation
 X - a potion of experience
Miscellaneous
 p - the horn of Geryon
   (You took it off Geryon in the Vestibule of Hell)
 t - a condenser vane
   (You found it in a Gauntlet)
 y - a box of beasts
   (You found it on level 12 of the Dungeon)
 V - a phial of floods
   (You found it on level 4 of the Lair of Beasts)


   Skills:
 + Level 21.2 Fighting
 + Level 19.5 Polearms
 + Level 19.2 Armour
 * Level 26.0 Shields
 * Level 22.2 Evocations


You had 26 spell levels left.
You didn't know any spells.
Your spell library contained the following spells:

 Spells                   Type           Power      Damage    Failure   Level
 Apportation              Tloc           0%         N/A       52%         1
 Foxfire                  Conj/Fire      0%         2x1d4     52%         1
 Freeze                   Ice            0%         1d3       52%         1
 Kiss of Death            Conj/Necr      0%         2d5       52%         1
 Magic Dart               Conj           0%         1d3       52%         1
 Necrotise                Necr           0%         1d4       52%         1
 Sandblast                Erth           0%         2d4       52%         1
 Shock                    Conj/Air       0%         1d3       52%         1
 Sting                    Conj/Alch      0%         1d3       52%         1
 Summon Small Mammal      Summ           0%         N/A       52%         1
 Cigotuvi's Dreadful Rot  Necr/Alch/Air  0%         N/A       67%         2
 Ensorcelled Hibernation  Hex/Ice        0%         N/A       67%         2
 Lesser Beckoning         Tloc           0%         N/A       67%         2
 Mercury Vapours          Alch/Air       0%         N/A       67%         2
 Searing Ray              Conj           0%         2d4       67%         2
 Sublimation of Blood     Necr           0%         N/A       67%         2
 Call Canine Familiar     Summ           0%         N/A       88%         3
 Confusing Touch          Hex            0%         N/A       88%         3
 Dazzling Flash           Conj/Hex       0%         N/A       88%         3
 Frozen Ramparts          Ice            0%         1d1       88%         3
 Fugue of the Fallen      Necr           0%         N/A       88%         3
 Gell's Gravitas          Tloc           0%         N/A       88%         3
 Hailstorm                Conj/Ice       0%         3d5       88%         3
 Inner Flame              Hex/Fire       0%         N/A       88%         3
 Mephitic Cloud           Conj/Alch/Air  0%         N/A       88%         3
 Ozocubu's Armour         Ice            0%         N/A       88%         3
 Passwall                 Erth           0%         N/A       88%         3
 Sigil of Binding         Hex            0%         N/A       88%         3
 Stone Arrow              Conj/Erth      0%         3d7       88%         3
 Swiftness                Air            0%         N/A       88%         3
 Teleport Other           Tloc           0%         N/A       88%         3
 Tukima's Dance           Hex            0%         N/A       88%         3
 Volatile Blastmotes      Fire/Tloc      0%         2d10      88%         3
 Airstrike                Air            0%         2d(0-16)  99%         4
 Anguish                  Hex/Necr       0%         N/A       99%         4
 Animate Dead             Necr           0%         N/A       99%         4
 Brom's Barrelling Bould  Conj/Erth      0%         2d3       99%         4
 Dimensional Bullseye     Hex/Tloc       0%         N/A       99%         4
 Dispel Undead            Necr           0%         3d6       99%         4
 Fulminant Prism          Conj/Alch      0%         3d5       99%         4
 Ignite Poison            Fire/Alch      0%         N/A       99%         4
 Iskenderun's Mystic Bla  Conj/Tloc      0%         2d3       99%         4
 Leda's Liquefaction      Alch/Erth      0%         N/A       99%         4
 Manifold Assault         Tloc           0%         N/A       99%         4
 Olgreb's Toxic Radiance  Alch           0%         N/A       99%         4
 Passage of Golubria      Tloc           0%         N/A       99%         4
 Petrify                  Alch/Erth      0%         N/A       99%         4
 Sticky Flame             Fire/Alch      0%         2d4       99%         4
 Vhi's Electric Charge    Tloc/Air       0%         N/A       99%         4
 Alistair's Intoxication  Alch           0%         N/A       100%        5
 Arcjolt                  Conj/Air       0%         1d10      100%        5
 Borgnjor's Vile Clutch   Necr/Erth      0%         N/A       100%        5
 Curse of Agony           Necr           0%         N/A       100%        5
 Freezing Cloud           Conj/Ice/Air   0%         6-21      100%        5
 Irradiate                Conj/Alch      0%         3d11      100%        5
 Lee's Rapid Deconstruct  Erth           0%         3d4*      100%        5
 Silence                  Hex/Air        0%         N/A       100%        5
 Yara's Violent Unravell  Hex/Alch       0%         3d3       100%        5
 Bombard                  Conj/Erth      0%         9d1       100%        6
 Conjure Ball Lightning   Conj/Air       0%         3x3d6     100%        6
 Death Channel            Necr           0%         N/A       100%        6
 Eringya's Noxious Bog    Alch           0%         4d6       100%        6
 Plasma Beam              Fire/Air       0%         2x1d10    100%        6
 Sculpt Simulacrum        Ice/Alch       0%         N/A       100%        6
 Starburst                Conj/Fire      0%         6d3       100%        6
 Haunt                    Necr/Summ      0%         N/A       100%        7
 Malign Gateway           Summ/Tloc      0%         N/A       100%        7
 Ozocubu's Refrigeration  Ice            0%         4d7       100%        7
 Borgnjor's Revivificati  Necr           0%         N/A       100%        8
 Discord                  Hex            0%         N/A       100%        8
 Disjunction              Tloc           0%         N/A       100%        8
 Ignition                 Fire           0%         3d3       100%        8
 Lehudib's Crystal Spear  Conj/Erth      0%         10d2      100%        8
 Maxwell's Capacitive Co  Air            0%         ∞         100%        8
 Summon Horrible Things   Summ           0%         N/A       100%        8
 Chain Lightning          Conj/Air       0%         N/A       100%        9
 Death's Door             Necr           0%         N/A       100%        9
 Fire Storm               Conj/Fire      0%         5d1       100%        9
 Polar Vortex             Ice            0%         N/A       100%        9
 Shatter                  Erth           0%         3d5*      100%        9


Dungeon Overview and Level Annotations

Branches:
Dungeon (15/15) Zot: 24521  Temple (0/1) D:7            Lair (5/5) D:10 Zot: 23819
  Swamp (4/4) Lair:2 Zot: 20085   Snake (4/4) Lair:2 Zot: 19178   Slime (0/5) Lair:5
    Orc (2/2) D:12 Zot: 10895     Elf (0/3) Orc:2        Vaults (5/5) D:14 Zot: 20154
  Crypt (3/3) Vaults:2 Zot: 13877    Tomb (2/3) Crypt:3 Zot: 9815  Depths (4/4) D:15 Zot: 16085
   Hell (visited)             Dis (0/7) Hell            Geh (0/7) Hell
    Coc (0/7) Hell            Tar (0/7) Hell            Zot (5/5) Depths:4 Zot: 20942
Volcano (visited)          WizLab (visited)         Gauntlet (visited)

Altars:
Ashenzari
Cheibriados
Dithmenos
Gozag
Hepliaklqana
Kikubaaqudgha
Okawaru
Qazlal
Ru
Trog
Uskayaw
Vehumet
Wu Jian
Xom
Yredelemnul
Jiyva

Shops:
D:4 [:([?   D:5 (   D:8 :   D:12 [   Orc:1 !   Orc:2 *=(!   Snake:4 *[:[
Vaults:1 [:(   Vaults:3 (   Vaults:5 ?!!   Zot:3 *

Portals:
Hell: Depths:1 Depths:2 Depths:3 Depths:4
Abyss: Depths:3
Pandemonium: Depths:2
Ziggurat: Depths:4
Trove: D:12 (give 13 potions of heal wounds)


Innate Abilities, Weirdness & Mutations

Your life essence is reduced to manifest your ancestor. (-10% HP)
You have hooves in place of feet.
You are surrounded by a strong repulsion field. (EV +4, RMsl)
A meltable icy envelope protects you from harm. (AC +8)
Your magical and physical power is greatly enhanced at high health.
A meltable shield of frost defends you. (SH +4)
Spells you cast and wands you use may paralyse nearby enemies.
You have supernaturally acute eyesight. (SInv)
Your body sometimes deteriorates upon taking damage.
You are very dopey. (Int -4)
You are frail. (-10% HP)
You occasionally shout uncontrollably at your foes.
You do not regenerate when monsters are visible.
You are weak. (Str -2)
You have hidden genetic potential.
You are vulnerable to heat. (rF-)


Message History

The harpy zombie claws you but does no damage.
The death scarab bites you but does no damage. x3
The mummy priest utters an invocation to its god.
The mummy barely misses you.
You hear a faint skittering sound.
There are monsters nearby!
You hit the death scarab. You kick the death scarab.
You hear a faint skittering sound.
You block the death scarab's attack. x3; The death scarab bites you.
* * * LOW HITPOINT WARNING * * *
The death scarab drains your vigour!
You feel as though you will be slow longer.
The death scarab closely misses you. The death scarab misses you.
The death scarab bites you but does no damage. x2
The death scarab barely misses you.
The royal mummy casts a spell.
The royal mummy gestures at you while chanting.
Something smites you!
* * * LOW HITPOINT WARNING * * *
The royal mummy calls on the powers of darkness!
Your body is wracked with pain!
* * * LOW HITPOINT WARNING * * *
You hear a faint skittering sound.
There are monsters nearby!
Unknown command.
You take 73 damage, and have 6/182 hp.
MASSIVE DAMAGE!!
You completely miss the death scarab.
The death scarab's many legs skitter faintly.
You kick the death scarab!
The death scarab disappears in a puff of smoke!
You block the death scarab's attack. x3; The death scarab bites you!
Die? [Y]es or [N]o only, please.
Die?
Thought so.
The death scarab bites you but does no damage.
The death scarab closely misses you. x2
The royal mummy casts a spell.
The royal mummy points at you and mumbles some strange words.
Something smites you!
The royal mummy gestures wildly while chanting. x2
The mummy misses you.
The mummy priest prays to its god.
The death scarab bites you but does no damage.
The death scarab closely misses you.
You regained 166 hp, and now have 172/182 hp.
You impale the death scarab!!
You destroy the death scarab!
The death scarab's corpse disappears in a puff of smoke!
A chunk of your corpse armour falls away.
You block the death scarab's attack. x3
The death scarab bites you but does no damage.
The death scarab completely misses you. The death scarab barely misses you.
The death scarab bites you but does no damage. x2
The mummy priest calls on the powers of darkness!
Your body is wracked with pain!
The emperor scorpion convulses! x3
You hear a loud "Zot"!
There are monsters nearby!
You impale the death scarab!!
You destroy the death scarab!
The death scarab's corpse disappears in a puff of smoke!
The death scarab bites you.
The death scarab draws strength from your injuries!
You block the death scarab's attack. x2
The death scarab waves its antennae.
You block the death scarab's attack. The death scarab barely misses you.
The death scarab closely misses you.
The death scarab waves its antennae.
The death scarab barely misses you.
The royal mummy gestures wildly while chanting. x2
The death scarab bites you!!
The death scarab draws strength from your injuries!
The mummy barely misses you. The mummy closely misses you.
You hear a faint skittering sound.
There are monsters nearby!
You completely miss the death scarab. Your kick misses the death scarab.
You block the death scarab's attack. x2
The death scarab bites you but does no damage.
You block the death scarab's attack. The death scarab closely misses you.
The death scarab waves its antennae.
The death scarab bites you but does no damage.
The death scarab closely misses you. The death scarab barely misses you.
The death scarab bites you but does no damage.
The death scarab waves its antennae.
The mummy priest mumbles some strange prayers to its god against you.
Something smites you!
The royal mummy calls on the powers of darkness!
The emperor scorpion convulses! x3
Your body is wracked with pain!
* * * LOW HITPOINT WARNING * * *
The emperor scorpion convulses! x3
The royal mummy casts a spell.
The death scarab bites you!
* * * LOW HITPOINT WARNING * * *
The death scarab draws strength from your injuries!
The death scarab barely misses you. x2; The mummy hits you but does no damage.
There are monsters nearby!
You take 150 damage, and have 22/182 hp.
MASSIVE DAMAGE!! ...... .... .....###....$ ...#...#.... . .#ssss.#.. . #. #BBBBBBV# .# #.s#BZZMMBZ#..# #sBMBBMMW.# ##BMB@BsMWZ## #BMMMBBBMM..# ##B4MMM3M..## #ZBZ3ZMz..#

#..#..B...B#..#
#..#..^....# .#
#.. .#.....#. .
#. ...#...#...
.....###.....


You could see 4 royal mummies, 7 emperor scorpions, 3 mummy priests, a shadow
wraith (summoned, invisible), 3 guardian mummies, a spectral spriggan defender
(summoned), a sixfirhy (summoned), a ynoxinul (summoned), a vampire (summoned),
22 death scarabs, a chaos spawn (summoned), a shadow (summoned), 7 mummies, a
wight (summoned), a harpy zombie, a spriggan defender skeleton, a nagaraja
skeleton (summoned) and 3 centaur warrior skeletons.

Vanquished Creatures
  7 orbs of fire (Zot:3 Zot:4 Zot:5)
  A dread lich (Zot:5)
  3 ancient liches (Zot:5)
  The ghost of Vytzaeja the Slayer, a veteran OnBe of Trog (Zot:3)
  Xtahua (Vaults:3)
  Sojobo (Depths:2)
  A royal mummy (Tomb:1)
  Bai Suzhen (Swamp:3)
  Vashnia (Snake:3)
  3 Killer Klowns (Zot:5)
  A curse toe (Zot:5)
  8 golden dragons (Vaults:5 Zot:1 Zot:3 Zot:4 Zot:5)
  Geryon (Hell)
  A mutant beast (WizLab)
  5 electric golems (Zot:1 Zot:3 Zot:5 Zot:2)
  2 hellephants (Vaults:5 Hell)
  15 tentacled monstrosities (Depths:3 Vaults:5 Zot:1 Zot:2 Zot:3)
  A shard shrike zombie (Crypt:3)
  Zenata (Crypt:2)
  21 Orb Guardians (Zot:5)
  8 liches (Depths:2 Depths:4 Vaults:5 Crypt:3 Zot:3)
  2 titans (Vaults:5)
  A Tzitzimitl (Depths:3)
  7 sphinxes (Depths:3 Vaults:4 Crypt:3 Tomb:1)
  6 quicksilver dragons (Zot:2 Zot:3 Zot:4)
  12 death cobs (Zot:1 Zot:2 Zot:3 Zot:4 Zot:5)
  12 ancient champions (Hell Crypt:2 Crypt:3)
  8 shadow dragons (Depths:3 Depths:4 Vaults:5 Zot:1 Zot:4)
  2 thorn hunters (Swamp:4)
  Agnes (Snake:1)
  7 tengu reavers (D:12 Depths:2 Vaults:5)
  14 storm dragons (Vaults:5 Zot:2 Zot:3 Zot:4 Zot:5)
  4 nagarajas (Snake:3 Snake:4)
  3 revenants (Vaults:2 Crypt:2 Crypt:3)
  Roxanne (Swamp:4)
  7 draconian monks (Zot:1 Zot:2 Zot:3 Zot:5)
  7 draconian knights (Zot:1 Zot:4 Zot:5)
  6 fire giants (D:12 Depths:2 Depths:4 Vaults:5)
  A protean progenitor (Zot:4)
  8 frost giants (Depths:2 Depths:3 Depths:4 Vaults:5)
  2 deep elf sorcerers (Vaults:5)
  5 draconian shifters (Depths:4 Zot:2 Zot:3 Zot:4)
  An orc warlord (Vaults:4)
  9 ghouls (Vaults:2 Crypt:2 Crypt:3)
  2 curse skulls (Crypt:1 Crypt:2)
  10 draconian scorchers (Zot:2 Zot:3 Zot:4 Zot:5)
  3 reapers (Hell)
  A shard shrike simulacrum (Hell)
  16 vault wardens (Vaults:1 Vaults:2 Vaults:3 Vaults:4 Vaults:5)
  A caustic shrike zombie (Crypt:3)
  14 ironbound preservers (Vaults:2 Vaults:3 Vaults:4 Vaults:5)
  3 cacodemons (Zot:4)
  5 draconian stormcallers (Zot:2 Zot:3 Zot:4)
  2 formless jellyfish (Vaults:2 Vaults:4)
  8 draconian annihilators (Depths:4 Zot:2 Zot:3 Zot:4 Zot:5)
  2 spriggan defenders (Depths:2 Depths:3)
  4 ironbound thunderhulks (Vaults:1 Vaults:3 Vaults:4 Vaults:5)
  6 vampire knights (Depths:2 Depths:3 Hell Crypt:1 Crypt:2)
  A deep elf demonologist (Vaults:5)
  32 very ugly things (Depths:1 Depths:2 Depths:3 WizLab Vaults:4)
  An elemental wellspring (Hell)
  13 stone giants (Depths:1 Depths:2 Depths:3 Depths:4 Vaults:5)
  11 green draconians (Zot:2 Zot:3 Zot:4 Zot:5)
  12 black draconians (Depths:4 Zot:1 Zot:2 Zot:3 Zot:4)
  2 bunyips (Swamp:1 Zot:4)
  6 dire elephants (Lair:5 Vaults:2)
  6 eleionomae (Swamp:1 Swamp:2 Swamp:3 Swamp:4)
  9 yellow draconians (Depths:4 Zot:1 Zot:2 Zot:3 Zot:4)
  3 iron golems (Hell)
  A minotaur (Gauntlet)
  A wendigo (Hell)
  10 red draconians (Depths:4 Volcano Zot:1 Zot:2 Zot:3)
  9 white draconians (Zot:1 Zot:2 Zot:3 Zot:4 Zot:5)
  A war gargoyle (Vaults:5)
  9 mummy priests (Crypt:3 Tomb:1 Tomb:2)
  6 ettins (Depths:2 Depths:3 Vaults:1 Vaults:5)
  10 jiangshi (Depths:3 Depths:4 Crypt:1 Crypt:3)
  9 purple draconians (Depths:4 Zot:1 Zot:2 Zot:3 Zot:4)
  4 crystal guardians (Vaults:1 Vaults:2)
  4 fire dragons (Depths:1 Depths:3 Depths:4)
  A shambling mangrove (Swamp:4)
  Josephine (Lair:4)
  2 entropy weavers (Vaults:3 Vaults:4)
  A rakshasa (Depths:3)
  A spriggan zombie (Hell)
  37 vault guards (D:14 Vaults:1 Vaults:3 Vaults:5)
  17 yaktaur captains (Vaults:1 Vaults:2 Vaults:3 Vaults:4 Vaults:5)
  21 hydras (D:14 D:15 Lair:2 Lair:4 Swamp:1)
  2 deep elf high priests (Vaults:5)
  3 ghost crabs (Swamp:3 Swamp:4)
  A hell beast (Hell)
  A radroach (WizLab)
  3 great orbs of eyes (Vaults:3 Vaults:4)
  2 ice dragons (Depths:4)
  2 ogre magi (D:14 D:15)
  A juggernaut simulacrum (Hell)
  14 ironbound frosthearts (Vaults:1 Vaults:2 Vaults:3 Vaults:4)
  2 spriggan air magi (Depths:3 Depths:4)
  2 peacekeepers (Vaults:2)
  A catoblepas (D:14)
  6 naga warriors (Snake:1 Snake:2 Snake:4)
  4 anacondas (Snake:2 Snake:3 Snake:4)
  A two-headed ogre (shapeshifter) (D:15)
  7 centaur warriors (D:14 D:15 Volcano)
  A boulder beetle (Vaults:1)
  A death knight (D:15)
  8 two-headed ogres (D:9 D:12 D:15 Vaults:2)
  2 deep troll shamans (Depths:1 Depths:2)
  An alligator (Swamp:4)
  2 dancing weapons (D:11)
  10 vampire magi (Depths:1 Depths:3 Depths:4 Crypt:2 Crypt:3)
  An Orb Guardian skeleton (Crypt:3)
  4 spriggan berserkers (Depths:1 Depths:2)
  8 death yaks (D:10 Lair:5)
  A deep troll earth mage (Vaults:5)
  13 death scarabs (Tomb:1 Tomb:2)
  2 orc high priests (Orc:2)
  8 hell hogs (Depths:3 Hell)
  2 shock serpents (Snake:3 Snake:4)
  9 hell knights (Depths:2 Vaults:5 Hell)
  An occultist (Depths:1)
  5 naga sharpshooters (Snake:2 Snake:3 Snake:4)
  3 soul eaters (Hell)
  8 shadow wraiths (Depths:3 Hell Crypt:2 Crypt:3)
  15 skeletal warriors (D:14 Vaults:2 Crypt:1 Crypt:3)
  2 sun demons (Hell)
  7 iron trolls (Depths:2 Hell)
  2 salamander mystics (Snake:2 Snake:4)
  4 goliath frogs (Swamp:1 Swamp:2 Swamp:3)
  3 sixfirhies (Gauntlet)
  A mana viper (shapeshifter) (WizLab)
  53 deep trolls (Depths:1 Depths:2 Vaults:1 Vaults:2 Vaults:3)
  4 glowing orange brains (Depths:1 Depths:2 Depths:4)
  11 sea snakes (Snake:1 Snake:4)
  14 swamp dragons (Lair:4 Swamp:1 Swamp:2 Swamp:3 Swamp:4)
  A spectral anaconda (Lair:5)
  A spriggan druid (Swamp:1)
  2 glowing orange brains (shapeshifter) (WizLab Vaults:5)
  A flayed ghost (Crypt:3)
  2 arcanists (D:15 Vaults:2)
  3 bog bodies (Swamp:1 Crypt:2)
  6 mana vipers (Snake:1 Snake:4)
  2 shadow demons (Depths:3 Zot:1)
  3 spriggan simulacra (Hell Crypt:2)
  A deep troll (shapeshifter) (Vaults:5)
  3 naga ritualists (Snake:2 Snake:3 Snake:4)
  A shining eye (shapeshifter) (WizLab)
  14 ironbound convokers (Vaults:1 Vaults:2 Vaults:3 Vaults:4 Vaults:5)
  An iron giant skeleton (Crypt:2)
  5 phantasmal warriors (Vaults:5 Hell Crypt:1 Crypt:2 Crypt:3)
  2 fenstrider witch simulacra (Hell)
  2 orc knights (Vaults:4 Vaults:5)
  A lindwurm (shapeshifter) (Vaults:5)
  A shadow dragon zombie (Crypt:1)
  2 anaconda skeletons (Hell Crypt:2)
  A steelbarb worm (shapeshifter) (Vaults:5)
  2 obsidian statues (Lair:5 Zot:5)
  5 harpies (Vaults:1 Vaults:3)
  10 necromancers (Depths:2 Lair:5 Vaults:2 Vaults:5 Hell)
  8 lindwurms (Vaults:1 Vaults:2)
  A harpy (shapeshifter) (WizLab)
  2 stone giant zombies (Hell Crypt:2)
  A wolf spider (D:15)
  A goliath frog skeleton (Crypt:3)
  4 orc sorcerers (Orc:2)
  3 manticores (D:11 D:13)
  2 deep elf pyromancers (D:13 D:14)
  A will-o-the-wisp (Swamp:2)
  34 ugly things (D:13 D:14 D:15 Depths:1 Depths:2)
  28 moths of wrath (Gauntlet Zot:1 Zot:2 Zot:3 Zot:4)
  2 cyclopes (D:11 D:13)
  9 salamanders (Depths:4 Lair:2 Snake:1 Snake:2 Snake:4)
  A manticore (shapeshifter) (Depths:2)
  A meliai (shapeshifter) (WizLab)
  17 elephants (Lair:4 Lair:5)
  7 guardian serpents (Snake:1 Snake:2 Snake:4)
  An oklob plant (Lair:4)
  A human skeleton (Vaults:2)
  13 naga magi (Snake:1 Snake:2 Snake:3 Snake:4)
  22 black mambas (Lair:1 Snake:1 Snake:2 Snake:3 Snake:4)
  3 rust devils (Hell)
  A dire elephant zombie (Crypt:3)
  An elephant (shapeshifter) (WizLab)
  A water nymph (shapeshifter) (WizLab)
  A centaur zombie (D:11)
  2 kobold blastminers (Orc:1 Orc:2)
  6 large abominations (WizLab)
  A molten gargoyle (Volcano)
  3 smoke demons (Hell)
  Joseph (D:8)
  A guardian serpent (shapeshifter) (WizLab)
  10 vault sentinels (Vaults:1 Vaults:2 Vaults:3 Vaults:4 Vaults:5)
  15 cane toads (Lair:1 Lair:3 Lair:4 Lair:5)
  A gargoyle (D:14)
  2 centaur skeletons (Crypt:2 Crypt:3)
  2 anaconda simulacra (Hell Crypt:3)
  An elf skeleton (Vaults:2)
  4 freezing wraiths (Vaults:5 Crypt:1)
  A yaktaur (shapeshifter) (D:14)
  32 yaktaurs (Volcano Vaults:1 Vaults:3 Vaults:4)
  2 alligator snapping turtle skeletons (Hell Crypt:2)
  9 komodo dragons (D:9 Lair:1 Lair:2 Lair:3 Lair:4)
  2 tengu conjurers (Depths:3)
  An ice devil (Hell)
  An iron giant simulacrum (Crypt:3)
  A merfolk (shapeshifter) (WizLab)
  12 guardian mummies (Crypt:3 Tomb:1 Tomb:2)
  4 harpy zombies (Crypt:3)
  A queen bee (shapeshifter) (WizLab)
  2 polar bears (Lair:3 Lair:4)
  A red draconian skeleton (Crypt:3)
  Grinder (D:5)
  3 tyrant leeches (Lair:4 Swamp:1 Swamp:3)
  7 hornets (Swamp:1 Swamp:2 Swamp:3 Swamp:4)
  6 blink frogs (Lair:2 Lair:5)
  A glass eye (shapeshifter) (Vaults:5)
  3 glass eyes (WizLab)
  A dream sheep (shapeshifter) (Vaults:5)
  A centaur simulacrum (Crypt:3)
  6 slime creatures (D:9 D:12 D:15 Vaults:1 Vaults:4)
  3 shadows (D:10 D:12 D:13)
  5 spriggans (Swamp:1 Swamp:2 Swamp:3)
  Sigmund (D:4)
  39 yaks (D:8 D:9 D:10 D:12 Lair:1)
  2 dire elephant simulacra (Lair:5 Hell)
  7 water elementals (Depths:3 Depths:4)
  Grum (D:8)
  6 wraiths (D:9 D:11 D:12 Lair:4)
  4 ushabtiu (Crypt:3 Tomb:1)
  5 fire bats (Depths:2 Volcano)
  2 basilisks (Lair:2 Lair:5)
  3 redbacks (Vaults:3)
  4 vampire mosquitoes (D:11 D:15)
  5 steam dragons (D:7 D:8)
  2 chaos spawn (Gauntlet)
  2 redbacks (shapeshifter) (WizLab Vaults:5)
  16 swamp worms (Lair:2 Lair:4 Swamp:1 Swamp:2 Swamp:3)
  31 nagas (Snake:1 Snake:2 Snake:3 Snake:4)
  2 harpy simulacra (Hell Crypt:3)
  A demonspawn zombie (Crypt:2)
  2 acid dragons (D:6 D:12)
  2 hell hounds (Hell)
  2 naga skeletons (Hell Crypt:2)
  11 water moccasins (D:9 Lair:1 Lair:3 Lair:4 Lair:5)
  8 orc warriors (D:9 D:12 Orc:1 Orc:2)
  A meliai simulacrum (D:14)
  5 swamp drakes (Swamp:1 Swamp:4)
  An ice beast (D:5)
  2 black bears (D:4 D:6)
  2 elephant zombies (Lair:5 Crypt:1)
  An ettin simulacrum (Hell)
  A laughing skull (D:13)
  An ice dragon simulacrum (Crypt:2)
  14 wolves (D:8 Gauntlet Lair:2 Lair:5)
  4 ogres (D:15 Orc:1 Orc:2)
  A phantom (D:7)
  15 centaurs (D:6 D:7 D:8 D:9 D:11)
  A vine stalker zombie (Crypt:3)
  2 kobold brigands (D:8 D:9)
  A gnoll sergeant (D:12)
  9 bullfrogs (D:6 D:8 Lair:2 Lair:3 Lair:4)
  4 scorpions (D:4 D:5 D:6)
  A cane toad simulacrum (Lair:5)
  5 small abominations (WizLab)
  2 necrophages (Crypt:2)
  A cyclops zombie (Crypt:3)
  13 wights (D:7 D:10)
  3 howler monkeys (D:8 D:13)
  13 killer bees (D:7 D:9 D:10)
  An electric eel (Snake:1)
  2 crimson imps (D:6)
  2 hounds (D:4 D:7)
  6 lava snakes (D:14 Lair:2 Volcano)
  A bombardier beetle (D:4)
  A jelly (D:6)
  2 sleepcaps (D:5 D:7)
  17 orc priests (D:8 D:9 D:11 D:12 Orc:2)
  2 iguanas (D:5)
  Ijyb (D:5)
  22 orc wizards (D:5 D:7 D:8 D:9 D:10)
  7 hell rats (D:10 Lair:1)
  An ogre skeleton (Crypt:1)
  4 mummies (Tomb:1)
  Robin (D:2)
  5 gnolls (D:12)
  8 adders (D:3 D:4 D:5 D:6)
  10 river rats (D:10 Lair:1)
  A shadow imp (D:7)
  2 white imps (D:8)
  An adder skeleton (Crypt:1)
  The ghost of knightboat the Sneak, a weakling TrDe (D:5)
  49 orcs (D:3 D:4 D:5 D:7 D:8)
  6 endoplasms (D:1 D:2 D:3)
  5 giant cockroaches (D:1 D:3 D:4)
  A gnoll zombie (Crypt:3)
  14 goblins (D:1 D:2 D:3 D:4)
  9 hobgoblins (D:1 D:2 D:3 D:4)
  5 jackals (D:2 D:3)
  8 quokkas (D:1 D:2 D:10 Lair:1)
  5 ball pythons (D:1 D:3 D:4)
  6 bats (D:1 D:2)
  A frilled lizard (D:1)
  A goblin skeleton (Crypt:2)
  14 kobolds (D:1 D:2 D:4 D:8 D:9)
  14 rats (D:1 D:3 D:2 Lair:1)
  A spectral weapon (Zot:2)
1677 creatures vanquished.

Vanquished Creatures (collateral kills)
  An ancient lich (Zot:5)
  An orb of fire (Zot:3)
  Mara (Swamp:4)
  A Killer Klown (Zot:5)
  Margery (Vaults:5)
  4 golden dragons (Depths:2 Vaults:5 Zot:4)
  Jory (Crypt:1)
  2 profane servitors (Crypt:3)
  An electric golem (Zot:5)
  2 tentacled monstrosities (Zot:1 Zot:4)
  Mlioglotl (Snake:3)
  4 liches (Crypt:2 Crypt:3 Zot:3 Tomb:1)
  A shard shrike skeleton (Crypt:2)
  3 sphinxes (Vaults:1 Tomb:1)
  3 Orb Guardians (Zot:5)
  2 ancient champions (Crypt:3)
  3 shadow dragons (Depths:3 Hell Zot:4)
  A tengu reaver (Depths:2)
  7 storm dragons (Depths:4 Zot:1 Zot:3 Zot:4 Zot:5)
  Donald (Vaults:4)
  2 fire giants (Depths:1 Vaults:5)
  4 nagarajas (Snake:3 Snake:4)
  A draconian shifter (Depths:4)
  2 draconian monks (Zot:1 Zot:4)
  A balrug (Hell)
  An iron dragon (Depths:2)
  A draconian scorcher (Zot:4)
  A curse skull (Crypt:3)
  5 vault wardens (Vaults:1 Vaults:2 Vaults:4 Vaults:5)
  A caustic shrike zombie (Crypt:3)
  5 ghouls (Vaults:2 Crypt:2 Crypt:3)
  9 ironbound preservers (Vaults:1 Vaults:2 Vaults:4)
  4 ironbound thunderhulks (Vaults:1 Vaults:2 Vaults:3 Vaults:4)
  4 very ugly things (WizLab Vaults:4)
  2 draconian annihilators (Zot:4)
  2 formless jellyfish (Vaults:2 Vaults:3)
  A juggernaut skeleton (Tomb:1)
  2 reapers (Depths:3 Hell)
  3 stone giants (Depths:1 Depths:2)
  3 green draconians (Zot:3 Zot:4)
  2 black draconians (Zot:1 Zot:2)
  2 deep elf death magi (Vaults:5 Crypt:1)
  4 yellow draconians (Zot:3 Zot:4 Zot:5)
  A dire elephant (Lair:5)
  3 vampire knights (Depths:3 Crypt:1)
  A red draconian (Zot:3)
  An eleionoma (Swamp:4)
  2 bunyips (Swamp:3 Zot:4)
  A lorocyproca (Hell)
  3 purple draconians (Zot:3 Zot:4)
  A war gargoyle (Hell)
  2 eidola (Crypt:1 Crypt:3)
  A white draconian (Zot:4)
  3 ettins (Depths:1 Depths:4 Vaults:5)
  A quicksilver dragon zombie (Crypt:3)
  A spriggan zombie (Crypt:3)
  4 fire dragons (Depths:2 Depths:4)
  4 mummy priests (Crypt:3 Tomb:1)
  2 jiangshi (Crypt:3)
  Harold (D:9)
  A salamander tyrant (Snake:2)
  A peacekeeper (Vaults:1)
  11 hydras (Lair:2 Lair:4 Lair:5 Swamp:1 Swamp:2)
  4 vault guards (D:14 Vaults:3 Vaults:5)
  2 ice dragons (Depths:2 Depths:4)
  An ogre mage (Vaults:2)
  5 anacondas (Snake:1 Snake:3 Snake:4)
  A centaur warrior (D:14)
  9 alligators (Lair:4 Swamp:1 Swamp:2 Swamp:3 Swamp:4)
  3 radroaches (WizLab)
  A deep troll shaman (Depths:2)
  6 two-headed ogres (D:11 D:14 D:15 Vaults:2)
  2 boulder beetles (Lair:2 Lair:5)
  A dancing weapon (D:11)
  6 ironbound frosthearts (Vaults:1 Vaults:3 Vaults:4)
  2 hell hogs (Hell)
  A death yak (Lair:5)
  A vampire mage (Depths:4)
  4 death scarabs (Tomb:1 Tomb:2)
  2 tengu warriors (D:13 D:14)
  A spriggan berserker (Depths:2)
  9 naga warriors (Snake:1 Snake:2 Snake:3 Snake:4)
  5 shock serpents (Snake:1 Snake:4)
  A naga sharpshooter (Snake:4)
  2 sun demons (Hell)
  2 hell knights (Vaults:5)
  A shock serpent (shapeshifter) (WizLab)
  3 soul eaters (Depths:2 Hell Crypt:1)
  4 goliath frogs (Swamp:1 Swamp:2)
  A salamander mystic (Snake:2)
  8 skeletal warriors (Crypt:1 Crypt:3)
  14 deep trolls (Vaults:1 Vaults:2 Vaults:3 Vaults:4)
  3 shadow wraiths (Depths:3 Crypt:2)
  2 flayed ghosts (Depths:2 Crypt:3)
  2 mana vipers (Snake:1 Snake:3)
  A swamp dragon (shapeshifter) (WizLab)
  5 bog bodies (Swamp:1 Swamp:3 Crypt:2)
  A spriggan druid (Swamp:1)
  An arcanist (Vaults:4)
  2 mana vipers (shapeshifter) (WizLab)
  2 swamp dragons (Lair:4 Swamp:4)
  6 sea snakes (Snake:1 Snake:4)
  A glowing orange brain (shapeshifter) (WizLab)
  2 shadow demons (Depths:3)
  2 naga ritualists (Snake:3 Snake:4)
  6 ironbound convokers (Vaults:1 Vaults:2 Vaults:4)
  4 lindwurms (Vaults:1 Vaults:2)
  2 phantasmal warriors (Crypt:2)
  2 necromancers (Crypt:3)
  2 eyes of devastation (shapeshifter) (WizLab)
  2 deep elf pyromancers (D:13 D:15)
  An orc knight (Vaults:4)
  A tengu skeleton (Vaults:2)
  A moth of wrath (shapeshifter) (WizLab)
  8 ugly things (D:15 Depths:1 Depths:2 Depths:3 Vaults:2)
  A salamander (shapeshifter) (WizLab)
  A glowing shapeshifter (WizLab)
  An oklob plant (Lair:4)
  A shadow dragon skeleton (Crypt:1)
  A manticore (D:12)
  A large abomination (WizLab)
  2 kobold blastminers (Orc:1 Orc:2)
  7 moths of wrath (Zot:2 Zot:3 Zot:4 Zot:5)
  10 salamanders (D:15 Depths:2 Snake:1 Snake:2 Snake:3)
  A manticore (shapeshifter) (Depths:3)
  4 will-o-the-wisps (Swamp:3 Swamp:4)
  13 black mambas (Lair:5 Snake:1 Snake:2 Snake:3 Snake:4)
  9 naga magi (Snake:1 Snake:2 Snake:3 Snake:4)
  4 centaur zombies (D:11)
  An alligator snapping turtle zombie (Crypt:1)
  5 guardian serpents (Snake:1 Snake:4)
  10 elephants (Lair:4 Lair:5)
  5 vault sentinels (Vaults:2 Vaults:3 Vaults:5)
  A water nymph (shapeshifter) (Depths:4)
  5 molten gargoyles (Volcano Hell)
  A dire elephant skeleton (Crypt:1)
  A smoke demon (Hell)
  4 cane toads (Lair:1 Lair:2 Lair:3 Lair:5)
  A hellion (Hell)
  A rime drake (Lair:2)
  8 yaktaurs (Vaults:1 Vaults:3 Vaults:4)
  3 freezing wraiths (Vaults:5 Crypt:1 Crypt:3)
  Jeremiah (Lair:1)
  An efreet (D:13)
  3 tengu conjurers (D:14 Depths:2 Depths:3)
  6 komodo dragons (Lair:1 Lair:2 Lair:4 Lair:5)
  A merfolk (shapeshifter) (WizLab)
  3 trolls (D:10 D:11 D:12)
  A polar bear (Lair:5)
  8 guardian mummies (Crypt:3 Tomb:1)
  A hydra skeleton (Crypt:3)
  4 hornets (Swamp:1 Swamp:3 Swamp:4)
  A tengu simulacrum (Hell)
  5 tyrant leeches (Swamp:1 Swamp:2)
  2 blink frogs (Lair:5)
  A glass eye (WizLab)
  A stone giant simulacrum (Hell)
  A spriggan (shapeshifter) (WizLab)
  An ettin skeleton (Hell)
  5 slime creatures (D:15 Vaults:1 Vaults:4)
  A shadow (D:12)
  A small abomination (WizLab)
  2 wyverns (D:11 Lair:1)
  3 spriggans (Swamp:1 Swamp:4)
  2 vampires (D:11)
  14 yaks (D:10 D:12 Lair:1 Lair:4 Lair:5)
  A basilisk (Lair:5)
  A water elemental (Depths:1)
  9 wraiths (D:9 D:10 D:11 D:12 Lair:4)
  A fire bat (shapeshifter) (D:13)
  An alligator snapping turtle simulacrum (Crypt:2)
  2 redbacks (Vaults:3 Vaults:4)
  A fire bat (Depths:2)
  A neqoxec (Gauntlet)
  A death yak simulacrum (Lair:5)
  A vampire mosquito (D:15)
  2 wargs (Orc:1)
  A redback (shapeshifter) (WizLab)
  An iron golem (WizLab)
  18 nagas (Snake:1 Snake:2 Snake:3 Snake:4)
  An acid dragon (D:10)
  8 water moccasins (Lair:1 Lair:4 Lair:5)
  2 hell hounds (Hell)
  7 swamp worms (Lair:2 Lair:4 Swamp:2 Swamp:3 Swamp:4)
  6 swamp drakes (Lair:4 Swamp:1 Swamp:4)
  8 orc warriors (D:12 Orc:1 Orc:2)
  3 laughing skulls (D:13 D:15)
  5 ogres (D:15 Orc:1 Orc:2 Vaults:2)
  A dream sheep skeleton (Crypt:2)
  6 wolves (Gauntlet Lair:2 Lair:5)
  A centaur (D:11)
  2 human zombies (Vaults:2)
  A necrophage (Crypt:2)
  2 bullfrogs (Lair:3 Lair:4)
  2 wights (D:8 D:10)
  2 killer bees (D:10)
  A shapeshifter skeleton (Crypt:1)
  A spriggan skeleton (Crypt:3)
  5 electric eels (Snake:1)
  A howler monkey (D:9)
  4 lava snakes (Lair:2 Volcano)
  4 orc priests (D:7 Orc:2)
  2 centaur skeletons (Crypt:2 Tomb:1)
  8 orc wizards (D:8 D:11 Orc:1 Orc:2)
  2 hell rats (Lair:1)
  A mummy (Tomb:1)
  A howler monkey zombie (D:11)
  4 river rats (D:10 Lair:1)
  21 orcs (D:7 D:10 D:12 Orc:1 Orc:2)
  2 quokkas (D:10 Lair:1)
  2 rats (D:10 Lair:1)
637 creatures vanquished.

Vanquished Creatures (others)
  A lich (Zot:3)
  An Orb Guardian (Zot:5)
  A tengu reaver (Depths:2)
  A vault warden (Vaults:5)
  A ghost moth (Zot:4)
  A draconian annihilator (Zot:4)
  A reaper (Crypt:2)
  A purple draconian (Zot:1)
  A vault guard (Vaults:5)
  An alligator (Swamp:3)
  A spriggan berserker (Depths:2)
  A naga sharpshooter (Snake:3)
  A shadow wraith (Hell)
  A will-o-the-wisp (Swamp:3)
  A guardian serpent (Snake:1)
  2 bloated husks (Swamp:3 Swamp:4)
  A kobold brigand (D:8)
  A bullfrog (D:8)
  77 battlemagi (D:12 Gauntlet D:14 D:15 Depths:1)
  An orc priest (Orc:2)
  2 orc wizards (D:10 Orc:2)
  6 ancestors (D:7 D:8 D:9)
  4 kobolds (D:8)
  24 foxfires (Swamp:2 Swamp:3 Swamp:4)
  42 spectral weapons (Zot:1 Zot:2 Zot:3 Zot:4 Zot:5)
175 creatures vanquished.

Grand Total: 2489 creatures vanquished

Notes
Turn   | Place    | Note
-------+----------+-------------------------------------------
     0 | D:1      | Ambrosia the Demonspawn Fighter began the quest for the
                  | Orb.
     0 | D:1      | Reached XP level 1. HP: 18/18 MP: 1/1
     0 | D:1      | Entered explore mode.
   110 | D:1      | Gained mutation: Spells you cast may paralyse adjacent
                  | enemies. [demonic ancestry]
   110 | D:1      | Reached XP level 2. HP: 24/24 MP: 2/2
   165 | D:1      | Reached skill level 2 in Polearms
   165 | D:1      | Reached skill level 3 in Shields
   734 | D:2      | Reached XP level 3. HP: 27/29 MP: 3/3
   838 | D:2      | Noticed Robin
   846 | D:2      | HP: 11/29 [goblin/+0 dagger[Robin] (5)]
   848 | D:2      | HP: 5/29 [goblin/+0 club[Robin] (6)]
   848 | D:2      | Slain by a goblin
                  | ... wielding a +0 club
                  | ... led by Robin
                  | (5 damage)
   851 | D:2      | Reached skill level 3 in Armour
   854 | D:2      | HP: 13/29 [hobgoblin[Robin] (3)]
   856 | D:2      | HP: 4/29 [hobgoblin[Robin] (6)]
   856 | D:2      | Slain by a goblin
                  | ... wielding a +0 club
                  | ... led by Robin
                  | (4 damage)
   861 | D:2      | HP: 14/29 [goblin/+0 club[Robin] (2)]
   870 | D:2      | HP: 9/29 [Robin/+0 antimagic spear (4)]
   877 | D:2      | Killed Robin
  1079 | D:2      | You fall into a shaft and drop 2 floors!
  1095 | D:4      | Noticed a scorpion
  1318 | D:2      | Reached XP level 4. HP: 35/35 MP: 4/4
  2237 | D:3      | Found an opulent altar of Gozag.
  2412 | D:4      | Killed a scorpion
  2413 | D:4      | Reached XP level 5. HP: 41/42 MP: 5/5
  2424 | D:4      | Found Guujaq's Magic Scroll Shoppe.
  2436 | D:4      | Found Qacy's Weapon Shop.
  2564 | D:4      | Reached skill level 4 in Shields
  2617 | D:4      | Noticed Sigmund
  2636 | D:4      | Killed Sigmund
  2637 | D:4      | Reached skill level 4 in Fighting
  2637 | D:4      | Reached skill level 3 in Polearms
  2637 | D:4      | Reached XP level 6. HP: 41/48 MP: 6/6
  2888 | D:4      | Found Nimoetonk's Book Emporium.
  3067 | D:4      | Identified a scroll of acquirement
  3067 | D:4      | Acquired 642 gold pieces
  3222 | D:4      | Bought a scroll of acquirement for 728 gold pieces
  3222 | D:4      | Acquired 1149 gold pieces
  3224 | D:4      | Bought a scroll of acquirement for 728 gold pieces
  3224 | D:4      | Acquired an amulet of reflection
  3287 | D:4      | Found Fediumab's Antique Armour Emporium.
  3453 | D:4      | Found Idia's Antique Armour Shoppe.
  3720 | D:5      | Entered Level 5 of the Dungeon
  3752 | D:5      | Noticed Grinder
  3779 | D:5      | Killed Grinder
  3780 | D:5      | Reached skill level 4 in Armour
  3780 | D:5      | Reached skill level 5 in Shields
  3780 | D:5      | Gained mutation: Spells you cast may paralyse nearby
                  | enemies. [demonic ancestry]
  3780 | D:5      | Reached XP level 7. HP: 47/55 MP: 7/7
  3852 | D:5      | Found a radiant altar of Vehumet.
  3866 | D:5      | Noticed Ijyb
  3872 | D:5      | Killed Ijyb
  3940 | D:5      | Reached skill level 4 in Polearms
  4008 | D:5      | Reached skill level 5 in Fighting
  4052 | D:5      | Found a hide-covered altar of Uskayaw.
  4052 | D:5      | Found Raru's Weapon Shop.
  4456 | D:5      | Found a runed translucent door.
  4458 | D:5      | Noticed knightboat's ghost (weakling TrDe)
  4545 | D:5      | Reached XP level 8. HP: 62/62 MP: 8/8
  4555 | D:5      | Killed knightboat's ghost
  4674 | D:6      | Reached skill level 6 in Shields
  4676 | D:6      | HP: 4/62 [acid dragon/splash of acid (35)]
  4678 | D:6      | Killed from afar by an acid dragon (17 damage)
                  | ... with a splash of acid
  4712 | D:6      | Found a bloodstained altar of Trog.
  4778 | D:6      | Found a hazy altar of Hepliaklqana.
  4871 | D:6      | Became a worshipper of Hepliaklqana the Forgotten
  4927 | D:6      | Found a shadowy altar of Dithmenos.
  4977 | D:6      | Reached skill level 5 in Armour
  5049 | D:6      | Found a shimmering altar of Xom.
  5091 | D:6      | Found a broken altar of Ashenzari.
  5091 | D:6      | Found an ancient bone altar of Kikubaaqudgha.
  5099 | D:6      | Found a snail-covered altar of Cheibriados.
  5101 | D:6      | Found an ornate altar of the Wu Jian Council.
  5103 | D:6      | Found a faded altar of an unknown god.
  5314 | D:7      | Reached skill level 7 in Shields
  5336 | D:7      | HP: 31/64 [steam dragon/ball of steam (21)]
  5340 | D:7      | Reached skill level 5 in Polearms
  5341 | D:7      | HP: 2/64 [steam dragon/ball of steam (20)]
  5344 | D:7      | Killed from afar by a steam dragon (6 damage)
                  | ... with a ball of steam
  5348 | D:7      | Reached skill level 6 in Fighting
  5348 | D:7      | Reached XP level 9. HP: 69/69 MP: 9/9
  5722 | D:7      | Found a staircase to the Ecumenical Temple.
  5741 | D:7      | Reached * piety under Hepliaklqana
  5853 | D:7      | HP: 31/62 [poisoned by a killer bee]
  5854 | D:7      | HP: 15/62 [killer bee (3)]
  5855 | D:7      | HP: 7/62 [killer bee (3)]
  5857 | D:7      | HP: 1/62 [killer bee (3)]
  5858 | D:7      | Succumbed to a killer bee's poison
  6286 | D:7      | Reached skill level 8 in Shields
  6543 | D:8      | Reached skill level 6 in Armour
  6543 | D:8      | Noticed Joseph
  6566 | D:8      | HP: 31/63 [Joseph/puff of flame (6)]
  6583 | D:8      | HP: 30/63 [Joseph/+0 quarterstaff (4)]
  6588 | D:8      | Killed Joseph
  6792 | D:8      | Reached skill level 6 in Polearms
  6958 | D:8      | Reached skill level 7 in Fighting
  7161 | D:8      | Reached XP level 10. HP: 71/71 MP: 10/10
  7285 | D:8      | Identified the +8 mace of Reason {elec, Dex+3}
  7393 | D:8      | Noticed Grum
  7400 | D:8      | Reached skill level 9 in Shields
  7453 | D:8      | Killed Grum
  7686 | D:8      | Found Aggot's Tiny Tomes.
  7918 | D:9      | Noticed a two-headed ogre
  7929 | D:9      | HP: 27/71 [two-headed ogre/+0 giant club (17)]
  7932 | D:9      | Killed a two-headed ogre
  7936 | D:9      | Reached skill level 7 in Armour
  8172 | D:9      | HP: 31/72 [yak (11)]
  8180 | D:9      | HP: 30/72 [orc/+0 flail (3)]
  8188 | D:9      | HP: 18/72 [yak (10)]
  8206 | D:9      | HP: 23/72 [constriction (1)]
  8215 | D:9      | HP: 16/72 [komodo dragon (10)]
  8218 | D:9      | Reached skill level 8 in Fighting
  8218 | D:9      | Reached skill level 7 in Polearms
  8218 | D:9      | Reached skill level 10 in Shields
  8638 | D:9      | Found a stormy altar of Qazlal.
  8733 | D:9      | Noticed Harold
  8734 | D:9      | Found a sacrificial altar of Ru.
  8755 | D:9      | Noticed a two-headed ogre
  8756 | D:9      | Killed Harold
  8770 | D:9      | Killed a two-headed ogre
  8771 | D:9      | Gained mutation: You are surrounded by a mild repulsion
                  | field. (EV +2) [demonic ancestry]
  8771 | D:9      | Reached XP level 11. HP: 46/78 MP: 11/11
  8899 | D:9      | Reached ** piety under Hepliaklqana
  9313 | D:9      | Remembered your ancestor My E-Girlfriend as a battlemage
  9552 | D:10     | Entered Level 10 of the Dungeon
  9950 | D:10     | Noticed a death yak
  9951 | D:10     | Noticed a death yak
  9957 | D:10     | Noticed a death yak
  9965 | D:10     | Killed a death yak
  9974 | D:10     | HP: 34/78 [death yak (8)]
  9983 | D:10     | HP: 16/78 [death yak (19)]
  9984 | D:10     | HP: 7/78 [death yak (10)]
  9985 | D:10     | Killed a death yak
  9986 | D:10     | Reached skill level 8 in Armour
  9986 | D:10     | Reached skill level 11 in Shields
  9988 | D:10     | HP: 1/78 [troll (7)]
  9989 | D:10     | Slain by a troll (5 damage)
 10004 | D:10     | Killed a death yak
 10018 | D:10     | Found a staircase to the Lair.
 10063 | D:10     | Reached skill level 9 in Fighting
 10386 | D:10     | Reached *** piety under Hepliaklqana
 10637 | D:11     | Reached skill level 8 in Polearms
 10911 | D:11     | Found a runed translucent door.
 10938 | D:11     | Noticed a +2 demon trident of draining
 11255 | D:11     | Noticed a two-headed ogre
 11261 | D:11     | Killed a two-headed ogre
 11269 | D:11     | Gained mutation: You have large cloven feet. [demonic
                  | ancestry]
 11269 | D:11     | Reached XP level 12. HP: 85/86 MP: 12/12
 11354 | D:11     | HP: 31/86 [manticore/volley of spikes (13)]
 11360 | D:11     | HP: 17/86 [manticore (9)]
 11594 | D:11     | Reached skill level 12 in Shields
 12330 | D:11     | HP: 40/80 [+2 demon trident of draining (9)]
 12335 | D:11     | HP: 10/79 [+0 demon blade of pain (11)]
 12335 | D:11     | Slain by a +2 demon trident of draining (12 damage)
 12340 | D:11     | HP: 39/80 [+2 demon trident of draining (5)]
 12341 | D:11     | HP: 14/75 [+2 demon trident of draining (6)]
 12344 | D:11     | HP: 1/70 [+2 demon trident of draining (7)]
 12344 | D:11     | Slain by a +2 demon trident of draining (1 damage)
 12350 | D:11     | Reached skill level 9 in Armour
 12573 | D:12     | Found Zougymui's Antique Armour Boutique.
 12766 | D:12     | Found a portal to a secret trove of treasure.
 12772 | D:12     | Noticed a two-headed ogre
 12781 | D:12     | Killed a two-headed ogre
 12791 | D:12     | Gained mutation: You expend magic power (3 MP) to
                  | strengthen your wands. [potion of mutation]
 12791 | D:12     | Gained mutation: You are frail. (-10% HP) [potion of
                  | mutation]
 12803 | D:12     | Lost mutation: You expend magic power (3 MP) to strengthen
                  | your wands. [potion of mutation]
 12803 | D:12     | Lost mutation: You are frail. (-10% HP) [potion of
                  | mutation]
 12803 | D:12     | Gained mutation: Your muscles are strong. (Str +4, Int/Dex
                  | -1) [potion of mutation]
 12803 | D:12     | Gained mutation: You occasionally lose the ability to drink
                  | potions when taking damage. [potion of mutation]
 12803 | D:12     | Gained mutation: You passively map a small area around you.
                  | [potion of mutation]
 12804 | D:12     | Lost mutation: You passively map a small area around you.
                  | [potion of mutation]
 12804 | D:12     | Lost mutation: Your muscles are strong. (Str +4, Int/Dex
                  | -1) [potion of mutation]
 12804 | D:12     | Lost mutation: You occasionally lose the ability to drink
                  | potions when taking damage. [potion of mutation]
 12804 | D:12     | Gained mutation: Your muscles are strong. (Str +4, Int/Dex
                  | -1) [potion of mutation]
 12804 | D:12     | Gained mutation: You are agile. (Dex +4, Str/Int -1)
                  | [potion of mutation]
 12844 | D:12     | Found a staircase to the Orcish Mines.
 12847 | D:12     | Reached skill level 10 in Fighting
 12858 | D:12     | Reached skill level 9 in Polearms
 12932 | D:12     | Found a runed translucent door.
 12932 | D:12     | Noticed a tengu reaver
 12932 | D:12     | Noticed a tengu reaver
 12933 | D:12     | Noticed a fire giant
 12973 | D:12     | Reached **** piety under Hepliaklqana
 13450 | D:12     | HP: 31/87 [fire giant/fireball (56)]
 13456 | D:12     | HP: 15/87 [tengu reaver/+0 battleaxe (18)]
 13457 | D:12     | HP: 1/87 [tengu reaver/bolt of poison (7)]
 13457 | D:12     | Slain by a tengu reaver
                  | ... wielding a +0 battleaxe
                  | (1 damage)
 13460 | D:12     | Killed a tengu reaver
 13462 | D:12     | HP: 37/87 [tengu reaver/bolt of fire (6)]
 13464 | D:12     | HP: 16/87 [tengu reaver/bolt of fire (21)]
 13465 | D:12     | Killed from afar by a tengu reaver (36 damage)
                  | ... with a bolt of cold
 13482 | D:12     | HP: 28/83 [fire giant/+2 great sword of flaming (17)]
 13484 | D:12     | Killed a fire giant
 13485 | D:12     | Reached skill level 13 in Shields
 13487 | D:12     | HP: 6/88 [tengu reaver/bolt of fire (13)]
 13489 | D:12     | Mangled by a tengu reaver
                  | ... wielding a +0 battleaxe
                  | (14 damage)
 13490 | D:12     | Killed a tengu reaver
 13505 | D:12     | Got the Anthology of Silt
 13857 | D:13     | Found a gate leading to a gauntlet.
 13904 | Gauntlet | Entered a Gauntlet
 13904 | Gauntlet | Found a transporter.
 13945 | Gauntlet | Found a transporter.
 13947 | Gauntlet | Found a transporter.
 13966 | Gauntlet | Found a transporter.
 13967 | Gauntlet | Found a transporter.
 13969 | Gauntlet | Noticed a death yak
 13971 | Gauntlet | Noticed a death yak
 13973 | Gauntlet | Noticed a death yak
 13983 | Gauntlet | Found a transporter.
 13997 | Gauntlet | Found a transporter.
 14007 | Gauntlet | Found a transporter.
 14009 | Gauntlet | Noticed a catoblepas
 14017 | Gauntlet | Found a transporter.
 14032 | Gauntlet | Found a transporter.
 14042 | Gauntlet | Found a transporter.
 14050 | Gauntlet | Found a transporter.
 14221 | Gauntlet | Found a transporter.
 14225 | Gauntlet | Found a transporter.
 14335 | Gauntlet | HP: 32/88 [wolf (14)]
 14338 | Gauntlet | HP: 15/88 [wolf (3)]
 14345 | Gauntlet | HP: 11/88 [wolf (4)]
 14607 | Gauntlet | Gained mutation: You are surrounded by a moderate repulsion
                  | field. (EV +3) [demonic ancestry]
 14607 | Gauntlet | Reached XP level 13. HP: 93/93 MP: 13/13
 14640 | Gauntlet | Identified the ring "Ryl Lau" {MP+9 Int+3}
 14663 | Gauntlet | HP: 46/93 [sixfirhy (5)]
 14664 | Gauntlet | HP: 20/93 [sixfirhy (10)]
 14665 | Gauntlet | HP: 3/93 [sixfirhy (11)]
 14669 | Gauntlet | Mangled by a sixfirhy (12 damage)
 14679 | Gauntlet | HP: 41/93 [sixfirhy (9)]
 14681 | Gauntlet | HP: 9/93 [sixfirhy (12)]
 14685 | Gauntlet | Slain by a sixfirhy (12 damage)
 14689 | Gauntlet | HP: 42/93 [sixfirhy (11)]
 14697 | Gauntlet | HP: 17/93 [sixfirhy (7)]
 14697 | Gauntlet | HP: 8/93 [sixfirhy (9)]
 14883 | Gauntlet | Noticed a minotaur
 14892 | Gauntlet | Killed a minotaur
 14926 | Gauntlet | Found the +3 pair of mountain boots {steadfast, rC+}
 15333 | D:13     | Reached skill level 10 in Armour
 16604 | D:14     | Reached skill level 11 in Fighting
 16662 | D:14     | HP: 39/95 [skeletal warrior/+0 long sword (12)]
 16665 | D:14     | Reached skill level 10 in Polearms
 16668 | D:14     | HP: 28/95 [skeletal warrior/+0 glaive (13)]
 16769 | D:14     | HP: 42/95 [centaur warrior/arrow (21)]
 16819 | D:14     | Reached skill level 14 in Shields
 16964 | D:14     | Found a gate to the Vaults.
 17001 | D:14     | HP: 46/95 [vault guard/+0 war axe (13)]
 17007 | D:14     | HP: 39/95 [vault guard/+3 great mace (9)]
 17012 | D:14     | HP: 33/95 [vault guard/+0 battleaxe (7)]
 17017 | D:14     | HP: 12/95 [vault guard/+3 great mace (11)]
 17026 | D:14     | HP: 6/95 [vault guard/+0 glaive (8)]
 17030 | D:14     | Slain by a vault guard
                  | ... wielding a +0 glaive
                  | (7 damage)
 17277 | D:14     | Reached XP level 14. HP: 101/101 MP: 14/14
 17569 | D:14     | HP: 51/102 [ogre mage/+0 halberd (2)]
 17575 | D:14     | HP: 50/102 [lava snake/glob of lava (3)]
 17771 | D:15     | Entered Level 15 of the Dungeon
 17791 | D:15     | HP: 50/102 [centaur warrior (8)]
 17796 | D:15     | HP: 25/102 [purple ugly thing (10)]
 17801 | D:15     | HP: 19/102 [centaur warrior (3)]
 17813 | D:15     | HP: 15/102 [red ugly thing (8)]
 17813 | D:15     | HP: 2/102 [red ugly thing (13)]
 18117 | D:15     | Reached ***** piety under Hepliaklqana
 18244 | D:15     | Reached skill level 11 in Armour
 18244 | D:15     | Reached skill level 15 in Shields
 18283 | D:15     | HP: 46/97 [centaur/arrow[a centaur warrior] (4)]
 18288 | D:15     | HP: 29/97 [mirror damage (8)]
 18291 | D:15     | HP: 12/98 [mirror damage (18)]
 18292 | D:15     | HP: 5/98 [mirror damage (7)]
 18299 | D:15     | Reached skill level 12 in Fighting
 18638 | D:15     | Found a staircase to the Depths.
 18885 | D:15     | Found an iron altar of Okawaru.
 18898 | D:15     | Reached skill level 11 in Polearms
 19195 | Depths:1 | Entered Level 1 of the Depths
 19195 | Depths:1 | Noticed a stone giant
 19195 | Depths:1 | Found a gateway to Hell.
 19202 | Depths:1 | Killed a stone giant
 19301 | Depths:1 | Found a broken altar of Ashenzari.
 19309 | Depths:1 | Noticed a green very ugly thing
 19309 | Depths:1 | Noticed a green very ugly thing
 19320 | Depths:1 | Killed a green very ugly thing
 19333 | Depths:1 | Killed a green very ugly thing
 19365 | Depths:1 | HP: 43/104 [fire dragon/blast of flame (47)]
 19371 | Depths:1 | HP: 13/104 [fire dragon/blast of flame (22)]
 19374 | Depths:1 | Killed from afar by a fire dragon (21 damage)
                  | ... with a blast of flame
 19378 | Depths:1 | HP: 50/104 [deep troll (9)]
 19379 | Depths:1 | HP: 24/104 [deep troll (13)]
 19381 | Depths:1 | HP: 11/104 [deep troll (5)]
 19382 | Depths:1 | Slain by a deep troll (15 damage)
 19390 | Depths:1 | HP: 47/104 [deep troll shaman (9)]
 19397 | Depths:1 | Noticed a white very ugly thing
 19397 | Depths:1 | Noticed a red very ugly thing
 19402 | Depths:1 | HP: 32/104 [something (4)]
 19402 | Depths:1 | Noticed a white very ugly thing
 19404 | Depths:1 | Noticed a white very ugly thing
 19407 | Depths:1 | HP: 11/104 [something (8)]
 19408 | Depths:1 | Noticed a white very ugly thing
 19408 | Depths:1 | Noticed a red very ugly thing
 19409 | Depths:1 | Mangled by a shadow wraith (17 damage)
                  | ... summoned by a vampire mage
 19409 | Depths:1 | Noticed a red very ugly thing
 19410 | Depths:1 | Noticed a white very ugly thing
 19413 | Depths:1 | Noticed a white very ugly thing
 19414 | Depths:1 | Noticed a red very ugly thing
 19414 | Depths:1 | HP: 44/97 [something (5)]
 19417 | Depths:1 | Slain by a white very ugly thing (22 damage)
 19418 | Depths:1 | Killed a white very ugly thing
 19418 | Depths:1 | Killed a white very ugly thing
 19418 | Depths:1 | Killed a purple very ugly thing
 19418 | Depths:1 | Killed a purple very ugly thing
 19418 | Depths:1 | Killed a white very ugly thing
 19418 | Depths:1 | HP: 10/97 [spore (31)]
 19419 | Depths:1 | HP: 1/104 [cloud of flame (4)]
 19420 | Depths:1 | Engulfed by a cloud of flame (4 damage)
 19420 | Depths:1 | Killed a purple very ugly thing
 19422 | Depths:1 | Annihilated by a red very ugly thing (34 damage)
 19424 | Depths:1 | Killed a red very ugly thing
 19425 | Depths:1 | Reached XP level 15. HP: 72/109 MP: 15/15
 19425 | Depths:1 | HP: 51/109 [poisoned by a green very ugly thing]
 19426 | Depths:1 | HP: 24/109 [poisoned by a green very ugly thing]
 19426 | Depths:1 | HP: 8/109 [red very ugly thing (16)]
 19426 | Depths:1 | Mangled by a red very ugly thing (20 damage)
 19429 | Depths:1 | HP: 1/109 [poisoned by a green very ugly thing]
 19430 | Depths:1 | Succumbed to a green very ugly thing's poison
 19431 | Depths:1 | Reached skill level 16 in Shields
 19925 | Depths:1 | HP: 51/109 [brown very ugly thing (7)]
 19929 | Depths:1 | HP: 15/109 [stone giant (20)]
 19931 | Depths:1 | HP: 1/109 [acid (8)]
 19933 | Depths:1 | Mangled by a stone giant (11 damage)
 19941 | Depths:1 | HP: 54/109 [acid (8)]
 19953 | Depths:1 | HP: 49/109 [green very ugly thing (1)]
 19962 | Depths:1 | HP: 49/109 [green very ugly thing (2)]
 20165 | Depths:1 | Identified the +5 sling "Odabezon" {flame, rN+ Int+3}
 20315 | Depths:1 | Reached skill level 13 in Fighting
 20331 | Depths:1 | Noticed a fire giant
 20340 | Depths:1 | Killed a fire giant
 20341 | Depths:1 | Reached skill level 12 in Armour
 20483 | Depths:1 | Identified the +1 leather armour "Hasch" {Rampage rPois
                  | MP+9 Int+3}
 20805 | Depths:2 | Noticed Sojobo
 20805 | Depths:2 | Noticed a tengu reaver
 20805 | Depths:2 | Noticed a tengu reaver
 20818 | Depths:2 | HP: 40/110 [Sojobo/+2 great sword of electrocution (18)]
 20820 | Depths:2 | HP: 18/110 [tengu reaver/+0 long sword[Sojobo] (15)]
 20822 | Depths:2 | Killed from afar by a tengu reaver (19 damage)
                  | ... with a bolt of lightning
                  | ... led by Sojobo
 20828 | Depths:2 | HP: 52/110 [Sojobo/+2 great sword of electrocution (19)]
 20830 | Depths:2 | HP: 21/110 [Sojobo/+2 great sword of electrocution (17)]
 20832 | Depths:2 | Paralysed by an air elemental for 1 turns
 20832 | Depths:2 | HP: 10/110 [death yak[a spriggan berserker] (5)]
 20833 | Depths:2 | HP: 1/110 [death yak[a spriggan berserker] (5)]
 20833 | Depths:2 | Mangled by Sojobo
                  | ... wielding a +2 great sword of electrocution
                  | (7 damage)
                  | ... while paralysed by an air elemental
 20834 | Depths:2 | Killed a tengu reaver
 20840 | Depths:2 | HP: 48/110 [tengu reaver/+2 long sword of
                  | electrocution[Sojobo] (16)]
 20842 | Depths:2 | HP: 12/110 [tengu reaver/bolt of fire[Sojobo] (23)]
 20844 | Depths:2 | HP: 3/110 [Sojobo/+2 great sword of electrocution (6)]
 20844 | Depths:2 | Mangled by a tengu reaver
                  | ... wielding a +2 long sword of electrocution
                  | ... led by Sojobo
                  | (12 damage)
 20850 | Depths:2 | HP: 36/110 [white ugly thing (3)]
 20851 | Depths:2 | HP: 13/110 [Sojobo/+2 great sword of electrocution (8)]
 20852 | Depths:2 | Noticed a frost giant
 20854 | Depths:2 | HP: 4/110 [white ugly thing (5)]
 20854 | Depths:2 | Slain by a white ugly thing (9 damage)
 20855 | Depths:2 | Killed Sojobo
 20856 | Depths:2 | Reached skill level 12 in Polearms
 20863 | Depths:2 | HP: 40/111 [tengu reaver/bolt of fire[Sojobo] (36)]
 20866 | Depths:2 | Killed a tengu reaver
 20869 | Depths:2 | HP: 39/111 [frost giant/+0 battleaxe of freezing (3)]
 20875 | Depths:2 | HP: 25/111 [frost giant/bolt of cold (16)]
 20876 | Depths:2 | HP: 8/111 [frost giant/bolt of cold (17)]
 20877 | Depths:2 | Killed a frost giant
 20888 | Depths:2 | HP: 8/111 [fire dragon/blast of flame (4)]
 20895 | Depths:2 | Slain by an ettin
                  | ... wielding a +1 dire flail of protection
                  | (12 damage)
 20913 | Depths:2 | HP: 55/111 [something (12)]
 20914 | Depths:2 | HP: 19/111 [something (16)]
 20917 | Depths:2 | HP: 7/111 [deep troll shaman (5)]
 20918 | Depths:2 | Slain by an iron troll (12 damage)
 20922 | Depths:2 | HP: 48/111 [iron troll (17)]
 20925 | Depths:2 | Slain by an iron troll (29 damage)
 20928 | Depths:2 | Paralysed by something for 5 turns
 20929 | Depths:2 | HP: 51/111 [something (6)]
 20929 | Depths:2 | HP: 22/111 [iron troll (24)]
 20929 | Depths:2 | Mangled by an iron troll (28 damage)
                  | ... while paralysed by a vampire knight
 20931 | Depths:2 | HP: 8/111 [deep troll (4)]
 20931 | Depths:2 | Slain by an iron troll (9 damage)
                  | ... while paralysed by a vampire knight
 20933 | Depths:2 | Mangled by a deep troll (18 damage)
                  | ... while paralysed by a vampire knight
 20934 | Depths:2 | Slain by a vampire knight
                  | ... wielding a +0 great sword
                  | (7 damage)
 20937 | Depths:2 | HP: 52/111 [deep troll shaman (4)]
 20938 | Depths:2 | HP: 16/111 [iron troll (19)]
 20938 | Depths:2 | HP: 7/111 [iron troll (9)]
 20938 | Depths:2 | Slain by a deep troll shaman (11 damage)
 20944 | Depths:2 | HP: 36/111 [iron troll (7)]
 20945 | Depths:2 | HP: 14/111 [iron troll (22)]
 20945 | Depths:2 | Paralysed by something for 3 turns
 20946 | Depths:2 | HP: 5/111 [deep troll shaman (10)]
 20946 | Depths:2 | Slain by a vampire knight
                  | ... wielding a +0 great sword
                  | (6 damage)
                  | ... while paralysed by a vampire knight
 20948 | Depths:2 | Mangled by a manticore (glowing shapeshifter) (16 damage)
                  | ... while paralysed by a vampire knight
 20951 | Depths:2 | HP: 46/111 [iron troll (8)]
 20953 | Depths:2 | HP: 10/111 [something (16)]
 20953 | Depths:2 | Mangled by a deep troll shaman (11 damage)
 20958 | Depths:2 | HP: 31/111 [iron troll (25)]
 20960 | Depths:2 | HP: 11/111 [iron troll (7)]
 20961 | Depths:2 | HP: 4/111 [something (3)]
 20962 | Depths:2 | Mangled by an iron troll (13 damage)
 20966 | Depths:2 | HP: 50/111 [deep troll shaman (11)]
 20971 | Depths:2 | HP: 10/111 [something (30)]
 20974 | Depths:2 | Killed by vampiric draining
                  | ... invoked by a vampire knight
                  | (24 damage)
 21090 | Depths:2 | Reached skill level 17 in Shields
 21093 | Depths:2 | Noticed a tengu reaver
 21101 | Depths:2 | Killed a tengu reaver
 21596 | Depths:2 | Noticed a fire giant
 21600 | Depths:2 | HP: 53/111 [fire giant/fireball (19)]
 21603 | Depths:2 | Killed a fire giant
 21624 | Depths:2 | Gained mutation: Spells you cast and wands you use may
                  | paralyse nearby enemies. [demonic ancestry]
 21624 | Depths:2 | Reached XP level 16. HP: 65/117 MP: 16/16
 21660 | Depths:2 | HP: 47/117 [flayed ghost/flay_damage (14)]
 21799 | Depths:2 | HP: 55/118 [hell knight/bolt of fire (25)]
 21807 | Depths:2 | HP: 35/113 [necromancer/bolt of negative energy (16)]
 22190 | Depths:2 | Noticed a tengu reaver
 22202 | Depths:2 | Killed a tengu reaver
 22648 | Depths:2 | Noticed a lich
 22662 | Depths:2 | Killed a lich
 22764 | Depths:2 | Found a one-way gate leading to the halls of Pandemonium.
 22825 | Depths:2 | Noticed a golden dragon
 22834 | Depths:2 | Killed a golden dragon
 22835 | Depths:2 | Reached skill level 14 in Fighting
 23254 | Depths:3 | Noticed a Tzitzimitl
 23254 | Depths:3 | Found the ring of Shadows {Umbra +Inv Stlth+}
 23254 | Depths:3 | Found the +2 cloak of the Thief {*Fog Slay-2 SInv Stlth+}
 23254 | Depths:3 | Found a shadowy altar of Dithmenos.
 23264 | Depths:3 | HP: 51/113 [something (9)]
 23267 | Depths:3 | HP: 14/113 [something (13)]
 23269 | Depths:3 | Killed a Tzitzimitl
 23269 | Depths:3 | HP: 5/113 [something (4)]
 23270 | Depths:3 | Slain by a shadow wraith (9 damage)
 23274 | Depths:3 | HP: 47/116 [something (1)]
 23277 | Depths:3 | HP: 9/110 [vampire mage/bolt of negative energy (20)]
 23277 | Depths:3 | HP: 1/110 [something (8)]
 23278 | Depths:3 | Mangled by a shadow wraith (9 damage)
                  | ... summoned by a vampire mage
 23286 | Depths:3 | HP: 22/110 [something (9)]
 23287 | Depths:3 | HP: 10/110 [something (12)]
 23287 | Depths:3 | HP: 1/110 [something (9)]
 23289 | Depths:3 | Reached skill level 13 in Armour
 23289 | Depths:3 | Slain by a vampire knight
                  | ... wielding a +1 dire flail
                  | (2 damage)
 23293 | Depths:3 | HP: 48/112 [something (16)]
 23296 | Depths:3 | HP: 13/112 [something (16)]
 23297 | Depths:3 | HP: 1/113 [something (12)]
 23300 | Depths:3 | Mangled by a vampire knight
                  | ... wielding a +1 dire flail
                  | (12 damage)
 23354 | Depths:3 | Noticed a sphinx
 23356 | Depths:3 | Reached skill level 1 in Evocations
 23370 | Depths:3 | Noticed a shadow dragon
 23377 | Depths:3 | HP: 53/114 [spriggan defender/+6 demon whip of flaming (5)]
 23377 | Depths:3 | HP: 22/108 [shadow dragon/bolt of negative energy (31)]
 23380 | Depths:3 | HP: 8/108 [shadow dragon (5)]
 23384 | Depths:3 | HP: 1/110 [vampire knight/+0 halberd (8)]
 23384 | Depths:3 | Killed from afar by a shadow dragon (11 damage)
                  | ... with a bolt of negative energy
 23394 | Depths:3 | HP: 44/96 [vampire knight/+0 halberd (14)]
 23401 | Depths:3 | HP: 23/92 [shadow dragon (10)]
 23403 | Depths:3 | HP: 2/92 [vampire knight/+0 halberd (22)]
 23403 | Depths:3 | Killed from afar by a shadow dragon (30 damage)
                  | ... with a bolt of negative energy
 23410 | Depths:3 | HP: 38/86 [vampire knight/+0 halberd (21)]
 23412 | Depths:3 | HP: 7/86 [shadow wraith (13)]
 23414 | Depths:3 | Slain by a shadow wraith (6 damage)
 23418 | Depths:3 | Killed a shadow dragon
 23428 | Depths:3 | Reached skill level 2 in Evocations
 23428 | Depths:3 | HP: 43/96 [vampire knight/+0 halberd (13)]
 23599 | Depths:3 | Noticed a shadow dragon
 23611 | Depths:3 | HP: 44/97 [shadow dragon (6)]
 23616 | Depths:3 | HP: 5/89 [shadow dragon/bolt of negative energy (40)]
 23619 | Depths:3 | Killed a shadow dragon
 23622 | Depths:3 | HP: 1/93 [manticore (glowing shapeshifter) (6)]
 23625 | Depths:3 | Reached skill level 13 in Polearms
 23628 | Depths:3 | Slain by a shadow wraith (7 damage)
 23648 | Depths:3 | Found a one-way gate to the infinite horrors of the Abyss.
 23684 | Depths:3 | Noticed a sphinx
 23691 | Depths:3 | HP: 28/98 [spriggan air mage/bolt of lightning (32)]
 23692 | Depths:3 | Reached skill level 3 in Evocations
 23693 | Depths:3 | HP: 4/99 [spriggan air mage/bolt of lightning (24)]
 23695 | Depths:3 | Killed a sphinx
 23700 | Depths:3 | Slain by a water elemental (11 damage)
 23706 | Depths:3 | Reached skill level 18 in Shields
 23709 | Depths:3 | HP: 46/103 [red very ugly thing (22)]
 23716 | Depths:3 | HP: 45/104 [drowned by a water elemental (3)]
 23720 | Depths:3 | HP: 19/107 [drowned by a water elemental (5)]
 23722 | Depths:3 | HP: 9/107 [drowned by a water elemental (5)]
 23723 | Depths:3 | Mangled by a green very ugly thing (12 damage)
 23728 | Depths:3 | HP: 52/109 [drowned by a water elemental (7)]
 23731 | Depths:3 | HP: 22/109 [drowned by a water elemental (6)]
 23732 | Depths:3 | HP: 10/109 [poisoned by a green very ugly thing]
 23732 | Depths:3 | HP: 4/109 [red very ugly thing (6)]
 23732 | Depths:3 | Demolished by a red very ugly thing (25 damage)
 23737 | Depths:3 | HP: 15/109 [drowned by a water elemental (6)]
 23738 | Depths:3 | HP: 5/110 [drowned by a water elemental (6)]
 23739 | Depths:3 | Drowned by a water elemental (8 damage)
 23743 | Depths:3 | HP: 43/110 [drowned by a water elemental (8)]
 23744 | Depths:3 | HP: 3/110 [red very ugly thing (30)]
 23745 | Depths:3 | Drowned by a water elemental (7 damage)
 23752 | Depths:3 | HP: 53/113 [drowned by a water elemental (8)]
 23792 | Depths:3 | HP: 30/114 [tengu conjurer/bolt of lightning (19)]
 23813 | Depths:3 | HP: 29/114 [flayed ghost/flay_damage[a vampire mage] (8)]
 23816 | Depths:3 | HP: 14/112 [laughing skull/bolt of negative energy[a
                  | vampire mage] (10)]
 23817 | Depths:3 | Killed from afar by a laughing skull (23 damage)
                  | ... with a bolt of negative energy
                  | ... summoned by a vampire mage
 23821 | Depths:3 | HP: 28/105 [laughing skull/bolt of negative energy[a
                  | vampire mage] (9)]
 23824 | Depths:3 | HP: 8/105 [shadow[a vampire mage] (8)]
 23825 | Depths:3 | HP: 3/105 [flayed ghost[a vampire mage] (5)]
 23828 | Depths:3 | Mangled by a jiangshi (16 damage)
                  | ... led by a vampire mage
 23834 | Depths:3 | HP: 44/105 [flayed ghost/flay_damage[a vampire mage] (13)]
 23835 | Depths:3 | HP: 15/98 [laughing skull/bolt of negative energy[a vampire
                  | mage] (22)]
 23840 | Depths:3 | HP: 11/101 [jiangshi[a vampire mage] (1)]
 23849 | Depths:3 | HP: 8/101 [flayed ghost/flay_damage[a vampire mage] (1)]
 23851 | Depths:3 | Slain by a flayed ghost (9 damage)
                  | ... summoned by a vampire mage
 23858 | Depths:3 | Noticed a tentacled monstrosity
 23862 | Depths:3 | HP: 38/101 [vampire mage/vampiric draining (17)]
 23864 | Depths:3 | HP: 17/101 [jiangshi[a vampire mage] (13)]
 23864 | Depths:3 | HP: 3/101 [shadow[a vampire mage] (8)]
 23865 | Depths:3 | Slain by a tentacled monstrosity (5 damage)
 23871 | Depths:3 | HP: 50/101 [constriction (6)]
 23873 | Depths:3 | HP: 21/100 [vampire[a vampire mage] (6)]
 23874 | Depths:3 | HP: 10/100 [tentacled monstrosity (4)]
 23875 | Depths:3 | HP: 1/100 [tentacled monstrosity (7)]
 23875 | Depths:3 | Constricted to death by a tentacled monstrosity (4 damage)
 23880 | Depths:3 | HP: 35/101 [constriction (1)]
 23882 | Depths:3 | HP: 13/101 [constriction (5)]
 23885 | Depths:3 | Slain by a jiangshi (12 damage)
                  | ... led by a vampire mage
 23892 | Depths:3 | Killed a tentacled monstrosity
 23893 | Depths:3 | Reached skill level 4 in Evocations
 24019 | Depths:3 | Found a shadowy altar of Dithmenos.
 24444 | Depths:3 | Gained mutation: Your magical and physical power is
                  | slightly enhanced at high health. [demonic ancestry]
 24444 | Depths:3 | Reached XP level 17. HP: 98/118 MP: 17/17
 24453 | Depths:3 | HP: 50/119 [cyan very ugly thing (23)]
 24453 | Depths:3 | HP: 10/119 [red very ugly thing (32)]
 24454 | Depths:3 | HP: 4/119 [cyan very ugly thing (6)]
 24454 | Depths:3 | Demolished by a cyan very ugly thing (18 damage)
 24461 | Depths:3 | HP: 53/121 [acid (11)]
 24471 | Depths:3 | HP: 20/121 [brown very ugly thing (14)]
 24479 | Depths:3 | Slain by a brown very ugly thing (15 damage)
 24500 | Depths:3 | HP: 59/125 [acid (8)]
 25103 | Hell     | Entered the Vestibule of Hell
 25104 | Hell     | Noticed Geryon
 25111 | Depths:3 | Reached skill level 5 in Evocations
 25256 | Depths:4 | Entered Level 4 of the Depths
 25269 | Depths:4 | HP: 53/124 [vampire mage/vampiric draining (17)]
 25271 | Depths:4 | HP: 22/124 [fire giant/+0 great sword of flaming (25)]
 25272 | Depths:4 | HP: 4/125 [fire giant/+0 great sword of flaming (8)]
 25272 | Depths:4 | Slain by a fire giant
                  | ... wielding a +0 great sword of flaming
                  | (4 damage)
 25280 | Depths:4 | HP: 56/125 [fire giant/+0 great sword of flaming (12)]
 25281 | Depths:4 | HP: 9/125 [fire giant/bolt of fire (33)]
 25283 | Depths:4 | Killed from afar by a fire giant (52 damage)
                  | ... with a bolt of fire
 25286 | Depths:4 | HP: 48/126 [stone giant (15)]
 25287 | Depths:4 | HP: 5/126 [frost giant/+3 battleaxe of freezing (29)]
 25287 | Depths:4 | Slain by a frost giant
                  | ... wielding a +3 battleaxe of freezing
                  | (6 damage)
 25293 | Depths:4 | HP: 45/126 [fire giant/+0 great sword of flaming (16)]
 25293 | Depths:4 | HP: 17/126 [stone giant (23)]
 25294 | Depths:4 | HP: 1/126 [fire giant/+0 great sword of flaming (16)]
 25294 | Depths:4 | Mangled by a fire giant
                  | ... wielding a +0 great sword of flaming
                  | (7 damage)
 25299 | Depths:4 | HP: 49/126 [fire giant/+0 great sword of flaming (6)]
 25305 | Depths:4 | HP: 24/126 [fire giant/+0 great sword of flaming (17)]
 25305 | Depths:4 | HP: 9/126 [stone giant (12)]
 25307 | Depths:4 | HP: 4/126 [jiangshi[a vampire mage] (5)]
 25309 | Depths:4 | Mangled by a fire giant
                  | ... wielding a +0 great sword of flaming
                  | (17 damage)
 25319 | Depths:4 | HP: 55/126 [jiangshi[a vampire mage] (14)]
 25324 | Depths:4 | HP: 47/126 [stone giant (9)]
 25692 | Depths:4 | Noticed a lich
 25707 | Depths:4 | Killed a lich
 25968 | Depths:4 | Reached skill level 6 in Evocations
 26119 | Depths:4 | Found a one-way gateway to a ziggurat.
 26233 | Depths:4 | HP: 62/126 [ice dragon/blast of cold (4)]
 26321 | Depths:4 | Found a gate to the Realm of Zot.
 26445 | Depths:4 | HP: 53/126 [yellow draconian annihilator/glob of acid (18)]
 26455 | Depths:4 | HP: 1/126 [yellow draconian annihilator/crystal spear (54)]
 26456 | Depths:4 | Killed from afar by a yellow draconian annihilator (3
                  | damage)
                  | ... with a glob of acid
 26946 | Lair:1   | Entered Level 1 of the Lair of Beasts
 26988 | Lair:1   | Noticed Jeremiah
 27007 | Lair:1   | Killed Jeremiah
 27113 | Lair:1   | Found the +8 demon blade "Leech" {evervamp, Harm ^Drain
                  | rN+}
 27253 | Lair:1   | Reached ****** piety under Hepliaklqana
 27420 | Lair:1   | Reached skill level 7 in Evocations
 28062 | Lair:2   | Reached skill level 15 in Fighting
 28254 | Lair:2   | Found a staircase to the Snake Pit.
 28568 | Lair:2   | Found a staircase to the Swamp.
 29964 | Lair:4   | Noticed Josephine
 29978 | Lair:4   | Killed Josephine
 29993 | Lair:4   | HP: 53/127 [komodo dragon (21)]
 30003 | Lair:4   | Reached skill level 8 in Evocations
 30003 | Lair:4   | Gained mutation: A meltable shield of frost defends you.
                  | (SH +4) [demonic ancestry]
 30003 | Lair:4   | Reached XP level 18. HP: 59/134 MP: 18/18
 30381 | Lair:4   | Reached skill level 19 in Shields
 30458 | Lair:4   | Acquired 711 gold pieces
 31202 | Lair:5   | Entered Level 5 of the Lair of Beasts
 31429 | Lair:5   | Reached skill level 14 in Armour
 31457 | Lair:5   | Found a viscous altar of Jiyva.
 31457 | Lair:5   | Found a staircase to the Slime Pits.
 31734 | Lair:5   | Reached skill level 14 in Polearms
 31758 | Lair:5   | HP: 63/134 [komodo dragon (8)]
 32283 | Lair:5   | Reached skill level 9 in Evocations
 32502 | Lair:5   | HP: 66/134 [dire elephant simulacrum[a necromancer] (12)]
 32512 | Lair:5   | HP: 55/134 [dire elephant simulacrum[a necromancer] (14)]
 32519 | Lair:5   | HP: 44/134 [dire elephant simulacrum[a necromancer] (2)]
 32523 | Lair:5   | HP: 19/134 [dire elephant simulacrum[a necromancer] (8)]
 32525 | Lair:5   | HP: 4/134 [dire elephant simulacrum[a necromancer] (16)]
 33112 | Orc:1    | Entered Level 1 of the Orcish Mines
 33112 | Orc:1    | Found Cadd's Distillery.
 33144 | Orc:1    | Found a dark tunnel.
 33152 | Volcano  | Entered a volcano
 33695 | Volcano  | Found a burning altar of Makhleb.
 34302 | Orc:2    | Entered Level 2 of the Orcish Mines
 34332 | Orc:2    | Found a staircase to the Elven Halls.
 34386 | Orc:2    | HP: 63/134 [orc priest/divine providence (7)]
 34394 | Orc:2    | HP: 32/134 [orc high priest/divine providence (12)]
 34400 | Orc:2    | HP: 10/134 [orc priest/divine providence (12)]
 34401 | Orc:2    | Killed by divine providence
                  | ... invoked by an orc priest
                  | (13 damage)
 34451 | Orc:2    | Paralysed by an orc sorcerer for 5 turns
 34453 | Orc:2    | HP: 67/134 [orc priest/nerve-wracking pain (9)]
 34459 | Orc:2    | HP: 52/134 [orc priest/nerve-wracking pain (12)]
 34464 | Orc:2    | HP: 39/135 [orc priest/+0 club (2)]
 34697 | Orc:2    | Found Foowin's Jewellery Shoppe.
 34697 | Orc:2    | Found Ahijauly's General Store.
 34702 | Orc:2    | Found Ceumocre's Antique Weapon Emporium.
 34704 | Orc:2    | Found Rylis's Distillery.
 35197 | Vaults:1 | Entered Level 1 of the Vaults
 35304 | Vaults:1 | Found Wyrae's Book Shop.
 35345 | Vaults:1 | HP: 63/135 [sphinx/divine providence (15)]
 35350 | Vaults:1 | HP: 37/135 [harpy (5)]
 35358 | Vaults:1 | Reached skill level 10 in Evocations
 35360 | Vaults:1 | HP: 13/135 [lindwurm/blast of flame (15)]
 35717 | Vaults:1 | HP: 60/135 [vault warden/+2 dire flail of holy wrath (23)]
 36161 | Vaults:1 | Reached XP level 19. HP: 131/141 MP: 19/19
 36184 | Vaults:1 | Found Viena's Armour Emporium.
 36748 | Vaults:1 | Found Saty's Weapon Emporium.
 37204 | Vaults:2 | Reached skill level 16 in Fighting
 37235 | Vaults:2 | HP: 67/141 [deep troll[an ironbound preserver] (5)]
 37236 | Vaults:2 | Reached skill level 20 in Shields
 37236 | Vaults:2 | Reached skill level 11 in Evocations
 37240 | Vaults:2 | HP: 58/141 [deep troll[an ironbound preserver] (3)]
 37250 | Vaults:2 | HP: 48/141 [deep troll[an ironbound preserver] (13)]
 37552 | Vaults:2 | Paralysed by a formless jellyfish for 1 turns
 37558 | Vaults:2 | HP: 68/141 [poisoned by a formless jellyfish]
 37563 | Vaults:2 | HP: 42/141 [poisoned by a formless jellyfish]
 37569 | Vaults:2 | HP: 37/141 [poisoned by a formless jellyfish]
 37574 | Vaults:2 | HP: 22/141 [poisoned by a formless jellyfish]
 37575 | Vaults:2 | Slain by an ironbound frostheart (15 damage)
                  | ... led by a vault warden
 37997 | Vaults:2 | Found a magical portal.
 38004 | WizLab   | Entered Cigotuvi's Fleshworks
 38057 | WizLab   | Gained mutation: You have hidden genetic defects.
                  | [mutagenic glow]
 38069 | WizLab   | Gained mutation: You are dopey. (Int -2) [mutagenic glow]
 38332 | WizLab   | HP: 64/141 [constriction (22)]
 38335 | WizLab   | HP: 30/141 [constriction (13)]
 38599 | WizLab   | Identified the flux talisman "Ippo" {*Slow Dex+8 SInv}
 38608 | WizLab   | Got Cigotuvi's Catalogue of the Gift and Spectres
 38610 | WizLab   | Identified the maw talisman of Past Mistakes {rC++}
 38937 | WizLab   | Reached skill level 12 in Evocations
 38946 | WizLab   | Reached skill level 15 in Polearms
 39070 | WizLab   | Found the +4 Cigotuvi's embrace {Corpsefed rMiasma ^Drain
                  | rN+}
 39135 | WizLab   | Gained mutation: Your health recovers twice as slowly from
                  | being drained. [hidden defects]
 39549 | Vaults:2 | Reached skill level 15 in Armour
 39606 | Vaults:2 | HP: 58/140 [deep troll[an ironbound preserver] (20)]
 39609 | Vaults:2 | HP: 23/140 [deep troll[an ironbound preserver] (17)]
 39612 | Vaults:2 | HP: 9/141 [deep troll[an ironbound preserver] (11)]
 39617 | Vaults:2 | HP: 9/142 [ironbound convoker/+0 flail (1)]
 39618 | Vaults:2 | Gained mutation: You have hoof-like feet. [demonic
                  | ancestry]
 39618 | Vaults:2 | Reached XP level 20. HP: 10/148 MP: 20/20
 39618 | Vaults:2 | HP: 2/148 [deep troll[an ironbound preserver] (8)]
 39618 | Vaults:2 | Demolished by an ironbound preserver
                  | ... wielding a +0 great mace
                  | (16 damage)
 39650 | Vaults:2 | HP: 67/149 [ironbound frostheart (8)]
 39653 | Vaults:2 | HP: 33/149 [ironbound frostheart (15)]
 39659 | Vaults:2 | HP: 23/149 [deep troll[an ironbound preserver] (3)]
 39979 | Vaults:2 | Found a staircase to the Crypt.
 40282 | Vaults:2 | Gained mutation: You are frail. (-10% HP) [hidden defects]
 40282 | Vaults:2 | Lost mutation: You have hidden genetic defects. [hidden
                  | defects expressed]
 40543 | Vaults:2 | Paralysed by a formless jellyfish for 1 turns
 40741 | Vaults:3 | Found Rolaeq's Weapon Shop.
 41222 | Vaults:3 | Noticed Xtahua
 41231 | Vaults:3 | HP: 62/132 [Xtahua/searing blast (53)]
 41241 | Vaults:3 | HP: 40/132 [ironbound convoker/+0 morningstar (9)]
 41244 | Vaults:3 | Paralysed by Xtahua for 2 turns
 41251 | Vaults:3 | Killed Xtahua
 41253 | Vaults:3 | HP: 37/132 [deep troll[an ironbound preserver] (7)]
 41259 | Vaults:3 | HP: 26/132 [ironbound frostheart/creeping frost (6)]
 41262 | Vaults:3 | Killed from afar by an ironbound frostheart (20 damage)
                  | ... by creeping frost
 41263 | Vaults:3 | Reached skill level 13 in Evocations
 41288 | Vaults:3 | HP: 66/133 [vault warden/+2 long sword (17)]
 41871 | Vaults:3 | HP: 64/133 [vault warden/+2 battleaxe of flaming (8)]
 41871 | Vaults:3 | HP: 31/133 [vault warden/+2 great sword of distortion (5)]
 41873 | Vaults:3 | HP: 5/133 [vault warden/+2 battleaxe of flaming (27)]
 41873 | Vaults:3 | Mangled by a vault warden
                  | ... wielding a +2 battleaxe of flaming
                  | (11 damage)
 42134 | Vaults:3 | Lost mutation: You are frail. (-10% HP) [potion of
                  | mutation]
 42134 | Vaults:3 | Lost mutation: Your health recovers twice as slowly from
                  | being drained. [potion of mutation]
 42134 | Vaults:3 | Lost mutation: Your muscles are strong. (Str +4, Int/Dex
                  | -1) [potion of mutation]
 42134 | Vaults:3 | Gained mutation: You are resistant to electric shocks.
                  | (rElec) [potion of mutation]
 42134 | Vaults:3 | Gained mutation: Your movements are slightly less
                  | encumbered by armour. (ER -2) [potion of mutation]
 42140 | Vaults:3 | Paralysed by a formless jellyfish for 1 turns
 42490 | Vaults:3 | Reached skill level 21 in Shields
 42634 | Vaults:4 | Noticed Donald
 42642 | Vaults:4 | Killed Donald
 42870 | Vaults:4 | Reached skill level 17 in Fighting
 43545 | Vaults:4 | Reached skill level 14 in Evocations
 43662 | Vaults:4 | Gained mutation: Your magical and physical power is
                  | enhanced at high health. [demonic ancestry]
 43662 | Vaults:4 | Reached XP level 21. HP: 156/156 MP: 21/21
 44092 | Vaults:5 | Entered Level 5 of the Vaults
 44098 | Vaults:5 | HP: 76/156 [spore (24)]
 44100 | Vaults:5 | HP: 36/156 [spore (16)]
 44100 | Vaults:5 | HP: 16/156 [spore (20)]
 44100 | Vaults:5 | Killed by an exploding vault guard (33 damage)
                  | ... ignited by their inner flame
 44104 | Vaults:5 | HP: 4/156 [cloud of flame (10)]
 44105 | Vaults:5 | Succumbed to a vault guard's poison
 44116 | Vaults:5 | HP: 76/156 [storm dragon (9)]
 44127 | Vaults:5 | HP: 77/156 [freezing wraith (2)]
 44144 | Vaults:5 | HP: 71/157 [ettin/+0 dire flail (15)]
 44169 | Vaults:5 | HP: 66/157 [frost giant/bolt of cold (14)]
 44175 | Vaults:5 | HP: 55/157 [frost giant/bolt of cold (13)]
 44180 | Vaults:5 | HP: 33/155 [frost giant/bolt of cold (9)]
 44185 | Vaults:5 | HP: 20/155 [shadow dragon (7)]
 44190 | Vaults:5 | HP: 3/156 [frost giant/bolt of cold (11)]
 44194 | Vaults:5 | Slain by a shadow dragon (5 damage)
 44204 | Vaults:5 | HP: 74/150 [vault warden/+0 long sword (4)]
 44207 | Vaults:5 | HP: 36/150 [constriction (1)]
 44209 | Vaults:5 | HP: 13/148 [frost giant/+0 battleaxe of freezing (11)]
 44210 | Vaults:5 | HP: 2/149 [constriction (7)]
 44210 | Vaults:5 | Slain by a frost giant
                  | ... wielding a +0 battleaxe of freezing
                  | (7 damage)
 44216 | Vaults:5 | HP: 64/140 [frost giant/bolt of cold (24)]
 44217 | Vaults:5 | HP: 31/138 [constriction (1)]
 44218 | Vaults:5 | HP: 8/135 [shadow dragon/bolt of negative energy (13)]
 44218 | Vaults:5 | Slain by a shadow dragon (8 damage)
 44224 | Vaults:5 | HP: 63/131 [spore (14)]
 44225 | Vaults:5 | HP: 14/131 [spore (23)]
 44225 | Vaults:5 | Killed by an exploding stone giant (31 damage)
                  | ... ignited by their inner flame
 44226 | Vaults:5 | Reached skill level 16 in Polearms
 44229 | Vaults:5 | HP: 4/157 [stone giant (8)]
 44230 | Vaults:5 | Engulfed by a cloud of flame (10 damage)
 44237 | Vaults:5 | HP: 75/157 [cloud of flame (11)]
 44238 | Vaults:5 | HP: 36/157 [tentacled monstrosity (5)]
 44240 | Vaults:5 | HP: 15/157 [tentacled monstrosity (9)]
 44240 | Vaults:5 | HP: 1/157 [yaktaur captain/bolt (13)]
 44241 | Vaults:5 | Engulfed by a cloud of flame (17 damage)
 44249 | Vaults:5 | HP: 74/157 [yaktaur captain simulacrum[a necromancer] (6)]
 44253 | Vaults:5 | HP: 34/157 [stone giant (10)]
 44254 | Vaults:5 | Killed by an exploding stone giant (40 damage)
                  | ... ignited by their inner flame
 44254 | Vaults:5 | HP: 12/157 [spore (49)]
 44255 | Vaults:5 | Reached skill level 16 in Armour
 44255 | Vaults:5 | Reached skill level 15 in Evocations
 44256 | Vaults:5 | HP: 2/157 [cloud of flame (11)]
 44257 | Vaults:5 | Engulfed by a cloud of flame (13 damage)
 44261 | Vaults:5 | HP: 79/158 [deep troll simulacrum (5)]
 44265 | Vaults:5 | HP: 39/158 [cloud of poison gas (3)]
 44266 | Vaults:5 | Engulfed by a cloud of acidic fog (52 damage)
 44423 | Vaults:5 | Got a silver rune of Zot
 44531 | Vaults:5 | Identified the +5 trident "Fuhi Yha" {speed, Dex+3}
 44724 | Vaults:5 | Identified the +1 robe of Kyudoty {rN++ Int-4}
 44997 | Vaults:5 | Found Syxzukyll's Distillery.
 44998 | Vaults:5 | Noticed a golden dragon
 45018 | Vaults:5 | Killed a golden dragon
 45150 | Vaults:5 | Found Dyleasch's Magic Scroll Boutique.
 45150 | Vaults:5 | Found Julisit's Distillery.
 45200 | Vaults:5 | Found Tock's Distillery.
 45260 | Vaults:5 | HP: 66/158 [hellephant/blast of flame[Margery] (74)]
 45265 | Vaults:5 | HP: 41/158 [hellephant[Margery] (26)]
 45268 | Vaults:5 | HP: 14/158 [hellephant[Margery] (15)]
 45272 | Vaults:5 | Reached skill level 22 in Shields
 45476 | Vaults:5 | Noticed Margery
 45484 | Vaults:5 | HP: 38/158 [Margery/bolt of fire (44)]
 45495 | Vaults:5 | Killed Margery
 45781 | Vaults:5 | Noticed a golden dragon
 45792 | Vaults:5 | Killed a golden dragon
 46006 | Vaults:5 | Identified the staff of the Lonely Wars {*Corrode Fly rF+
                  | Str+8 Int-2 Fire}
 46560 | Snake:1  | Entered Level 1 of the Snake Pit
 46594 | Snake:1  | Gained mutation: A meltable icy envelope protects you from
                  | harm. (AC +8) [demonic ancestry]
 46594 | Snake:1  | Reached XP level 22. HP: 160/164 MP: 22/22
 47081 | Snake:1  | Noticed Agnes
 47094 | Snake:1  | Killed Agnes
 48212 | Snake:2  | Reached skill level 18 in Fighting
 48986 | Snake:3  | Noticed Vashnia
 48986 | Snake:3  | Found a bloodstained altar of Trog.
 49028 | Snake:3  | Killed Vashnia
 49239 | Snake:3  | Reached skill level 16 in Evocations
 49295 | Snake:3  | Noticed Mlioglotl
 49308 | Snake:3  | Killed Mlioglotl
 50041 | Snake:4  | Entered Level 4 of the Snake Pit
 50118 | Snake:4  | Acquired 1183 gold pieces
 50798 | Snake:4  | Found Amom's Antique Armour Shop.
 50798 | Snake:4  | Found Fasyptiz's General Store.
 50821 | Snake:4  | Found Udyerchi's Book Shop.
 50917 | Snake:4  | Found Sywibb's Antique Armour Boutique.
 51009 | Snake:4  | HP: 80/165 [poisoned by a guardian serpent (bolt of
                  | poison)]
 51014 | Snake:4  | HP: 45/165 [poisoned by a guardian serpent (bolt of
                  | poison)]
 51019 | Snake:4  | HP: 28/165 [poisoned by a guardian serpent (bolt of
                  | poison)]
 51024 | Snake:4  | HP: 12/165 [poisoned by a guardian serpent (bolt of
                  | poison)]
 51029 | Snake:4  | HP: 7/165 [poisoned by a guardian serpent (bolt of poison)]
 51528 | Snake:4  | HP: 58/166 [nagaraja/splash of poison (33)]
 51533 | Snake:4  | HP: 29/166 [poisoned by a guardian serpent (bolt of
                  | poison)]
 51536 | Snake:4  | HP: 14/166 [poisoned by a guardian serpent (bolt of
                  | poison)]
 51537 | Snake:4  | HP: 6/166 [constriction (5)]
 51539 | Snake:4  | HP: 2/166 [poisoned by a guardian serpent (bolt of poison)]
 51540 | Snake:4  | Succumbed to a guardian serpent's bolt of poison
 51612 | Snake:4  | Got a serpentine rune of Zot
 52012 | Hell     | HP: 82/165 [sun demon (19)]
 52020 | Hell     | HP: 51/164 [alligator snapping turtle skeleton[a
                  | necromancer] (8)]
 52033 | Hell     | HP: 28/163 [spriggan defender zombie[a necromancer] (3)]
 52037 | Hell     | HP: 9/161 [hellephant (14)]
 52042 | Hell     | Slain by a hellephant (15 damage)
 52062 | Hell     | HP: 80/160 [soul eater (5)]
 52068 | Hell     | HP: 64/159 [soul eater (13)]
 52071 | Hell     | HP: 29/159 [spore (20)]
 52075 | Hell     | HP: 12/159 [spore (12)]
 52075 | Hell     | Killed by divine providence
                  | ... invoked by a smoke demon
                  | (15 damage)
 52081 | Hell     | HP: 57/160 [spore (38)]
 52086 | Hell     | HP: 30/166 [cloud of flame (4)]
 52088 | Hell     | HP: 14/166 [cloud of flame (3)]
 52089 | Hell     | HP: 3/166 [smoke demon/divine providence (10)]
 52091 | Hell     | Killed by divine providence
                  | ... invoked by a smoke demon
                  | (15 damage)
 52095 | Hell     | HP: 65/166 [spore (29)]
 52096 | Hell     | Gained mutation: A meltable icy envelope protects you from
                  | harm. (AC +8) [demonic ancestry]
 52096 | Hell     | Reached XP level 23. HP: 61/172 MP: 23/23
 52098 | Hell     | Paralysed by a vampire knight for 4 turns
 52100 | Hell     | HP: 35/172 [cloud of flame (4)]
 52100 | Hell     | HP: 10/172 [hell beast[Geryon] (11)]
 52100 | Hell     | HP: 3/172 [hell beast[Geryon] (7)]
 52101 | Hell     | HP: 1/172 [cloud of flame (2)]
 52101 | Hell     | Slain by a hell beast (2 damage)
                  | ... summoned by Geryon
                  | ... while paralysed by a vampire knight
 52106 | Hell     | HP: 30/172 [cloud of flame (5)]
 52106 | Hell     | Killed by an exploding sun demon (36 damage)
                  | ... ignited by their inner flame
 52114 | Hell     | HP: 75/172 [Geryon (21)]
 52118 | Hell     | HP: 18/172 [elemental wellspring/torrent of water (37)]
 52129 | Hell     | HP: 18/172 [hell beast[Geryon] (3)]
 52134 | Hell     | HP: 12/172 [drowned by a water elemental[an elemental
                  | wellspring] (2)]
 52135 | Hell     | Killed by divine providence
                  | ... invoked by a smoke demon
                  | (14 damage)
 52142 | Hell     | Reached skill level 17 in Evocations
 52168 | Hell     | HP: 78/172 [smoke demon/divine providence (9)]
 52171 | Hell     | Reached skill level 17 in Polearms
 52182 | Hell     | HP: 75/172 [hell beast[Geryon] (5)]
 52189 | Hell     | HP: 34/172 [smoke demon/ball of steam (14)]
 52194 | Hell     | HP: 18/172 [smoke demon] (4)]
 52195 | Hell     | HP: 3/172 [hell beast[Geryon] (15)]
 52195 | Hell     | Slain by a hell beast (3 damage)
                  | ... summoned by Geryon
 52201 | Hell     | HP: 69/172 [smoke demon/divine providence (8)]
 52216 | Hell     | HP: 58/172 [hell beast[Geryon] (14)]
 52220 | Hell     | Killed Geryon
 52223 | Hell     | HP: 42/172 [hell hound/blast of flame (4)]
 52232 | Hell     | HP: 41/172 [shadow wraith (3)]
 52241 | Hell     | HP: 38/172 [balrug/fireball (7)]
 52267 | Hell     | HP: 33/172 [ettin skeleton[a necromancer] (13)]
 52289 | Hell     | HP: 36/172 [fenstrider witch simulacrum (1)]
 52349 | Hell     | Found a gateway to the freezing wastes of Cocytus.
 52379 | Hell     | HP: 32/172 [hell hog/fireball (22)]
 52383 | Hell     | HP: 10/172 [hell hog/fireball (21)]
 52384 | Hell     | Killed from afar by a hell hog (26 damage)
                  | ... with a fireball
 52405 | Hell     | HP: 61/172 [iron golem (31)]
 52406 | Hell     | HP: 27/167 [iron golem (8)]
 52407 | Hell     | HP: 8/167 [hell hog/fireball (19)]
 52411 | Hell     | Mangled by an iron golem (16 damage)
 52428 | Hell     | HP: 61/171 [hell hog/fireball (33)]
 52430 | Hell     | HP: 14/171 [sun demon (17)]
 52431 | Hell     | HP: 3/171 [reaper/+1 scythe of venom (8)]
 52431 | Hell     | Demolished by a sun demon (18 damage)
 52437 | Hell     | HP: 70/171 [hell hog/fireball (22)]
 52440 | Hell     | HP: 30/171 [molten gargoyle/bolt of magma (18)]
 52442 | Hell     | HP: 12/171 [iron golem (3)]
 52447 | Hell     | HP: 6/171 [poisoned by a reaper]
 52447 | Hell     | Slain by a molten gargoyle
                  | ... wielding a +0 mace
                  | (8 damage)
 52461 | Hell     | HP: 85/171 [reaper/+1 heavy scythe (10)]
 52465 | Hell     | HP: 38/171 [hell hog/fireball (27)]
 52468 | Hell     | HP: 6/171 [iron golem (24)]
 52469 | Hell     | Killed from afar by a hell hog (13 damage)
                  | ... with a fireball
 52473 | Hell     | HP: 73/171 [poisoned by a reaper]
 52477 | Hell     | HP: 35/171 [poisoned by a reaper]
 52478 | Hell     | HP: 14/171 [iron golem (10)]
 52483 | Hell     | HP: 10/171 [poisoned by a reaper]
 52484 | Hell     | Slain by a hell hog (11 damage)
 52495 | Hell     | HP: 68/171 [hell hog/fireball (22)]
 52496 | Hell     | HP: 28/171 [molten gargoyle/+0 mace (12)]
 52500 | Hell     | Killed by an exploding hell hog (19 damage)
                  | ... ignited by their inner flame
 52514 | Hell     | HP: 68/172 [iron golem (21)]
 52519 | Hell     | HP: 49/172 [poisoned by a reaper]
 52520 | Hell     | Reached skill level 23 in Shields
 52525 | Hell     | HP: 46/172 [poisoned by a reaper]
 52530 | Hell     | HP: 45/172 [poisoned by a reaper]
 52535 | Hell     | HP: 44/172 [poisoned by a reaper]
 52562 | Hell     | HP: 23/172 [iron troll (4)]
 52572 | Hell     | HP: 20/172 [iron troll (5)]
 52577 | Hell     | HP: 4/172 [reaper/+1 heavy scythe (12)]
 52589 | Hell     | Mangled by an iron troll (15 damage)
 52852 | Hell     | Found a gateway to the decaying netherworld of Tartarus.
 53070 | Hell     | Found a gateway to the ashen valley of Gehenna.
 53191 | Hell     | Found a gateway to the Iron City of Dis.
 53639 | Swamp:1  | Entered Level 1 of the Swamp
 53868 | Swamp:1  | Reached skill level 17 in Armour
 53920 | Swamp:1  | Found a basalt altar of Yredelemnul.
 55016 | Swamp:3  | HP: 55/172 [spore (38)]
 55025 | Swamp:3  | Noticed Bai Suzhen
 55027 | Swamp:3  | HP: 56/172 [swamp dragon] (2)]
 55031 | Swamp:3  | HP: 21/172 [poisoned by a swamp dragon (poison gas)]
 55033 | Swamp:3  | HP: 5/172 [poisoned by a swamp dragon (poison gas)]
 55034 | Swamp:3  | Succumbed to a swamp dragon's poison gas
 55043 | Swamp:3  | HP: 82/172 [swamp dragon/blast of poison (11)]
 55045 | Swamp:3  | HP: 22/172 [poison (poison gas)]
 55047 | Swamp:3  | HP: 9/172 [swamp dragon] (2)]
 55047 | Swamp:3  | Succumbed to a swamp dragon's poison gas
 55053 | Swamp:3  | HP: 85/172 [swamp dragon] (2)]
 55055 | Swamp:3  | HP: 42/172 [poisoned by a swamp dragon (blast of poison)]
 55057 | Swamp:3  | HP: 12/172 [poisoned by a swamp dragon (poison gas)]
 55058 | Swamp:3  | Succumbed to a swamp dragon's poison gas
 55063 | Swamp:3  | HP: 78/172 [poisoned by a swamp dragon (poison gas)]
 55066 | Swamp:3  | HP: 31/172 [poisoned by a swamp dragon (poison gas)]
 55068 | Swamp:3  | HP: 7/172 [poisoned by a swamp dragon (poison gas)]
 55069 | Swamp:3  | Succumbed to a swamp dragon's poison gas
 55086 | Swamp:3  | HP: 86/172 [poisoned by a swamp dragon (poison gas)]
 55091 | Swamp:3  | HP: 78/172 [poisoned by a swamp dragon (poison gas)]
 55097 | Swamp:3  | HP: 72/172 [poisoned by a swamp dragon (poison gas)]
 55102 | Swamp:3  | HP: 46/172 [poisoned by a swamp dragon (poison gas)]
 55107 | Swamp:3  | HP: 42/172 [poisoned by a swamp dragon (poison gas)]
 55112 | Swamp:3  | HP: 29/172 [poisoned by a swamp dragon (poison gas)]
 55118 | Swamp:3  | Killed Bai Suzhen
 55120 | Swamp:3  | HP: 26/172 [something (3)]
 55227 | Swamp:3  | HP: 69/172 [ghost crab] (1)]
 55233 | Swamp:3  | HP: 65/172 [ghost crab] (2)]
 55242 | Swamp:3  | HP: 64/172 [ghost crab] (2)]
 55248 | Swamp:3  | HP: 62/172 [ghost crab] (3)]
 55828 | Swamp:4  | Entered Level 4 of the Swamp
 56313 | Swamp:4  | Noticed Mara
 56338 | Swamp:4  | Killed Mara
 56339 | Swamp:4  | Reached skill level 18 in Evocations
 56339 | Swamp:4  | Noticed Roxanne
 56370 | Swamp:4  | Killed Roxanne
 56531 | Swamp:4  | HP: 82/172 [poison (poison gas)]
 56532 | Swamp:4  | Reached skill level 19 in Fighting
 56533 | Swamp:4  | HP: 36/174 [poison (poison gas)]
 56537 | Swamp:4  | HP: 17/174 [poison (poison gas)]
 56539 | Swamp:4  | HP: 6/174 [poison (poison gas)]
 56540 | Swamp:4  | Succumbed to a swamp dragon's blast of poison
 56629 | Swamp:4  | HP: 87/174 [poisoned by a swamp dragon (poison gas)]
 56634 | Swamp:4  | HP: 60/174 [poisoned by a swamp dragon (poison gas)]
 56639 | Swamp:4  | HP: 48/174 [poisoned by a swamp dragon (poison gas)]
 56644 | Swamp:4  | HP: 46/174 [poisoned by a swamp dragon (poison gas)]
 56690 | Swamp:4  | HP: 66/174 [swamp dragon] (1)]
 56694 | Swamp:4  | HP: 22/174 [poison (poison gas)]
 56695 | Swamp:4  | Succumbed to poison (poison gas)
 56700 | Swamp:4  | HP: 82/174 [poison (poison gas)]
 56705 | Swamp:4  | HP: 52/174 [poison (poison gas)]
 56710 | Swamp:4  | HP: 47/174 [poison (poison gas)]
 56979 | Swamp:4  | Got a decaying rune of Zot
 56999 | Swamp:4  | HP: 86/174 [four-headed hydra (2)]
 57001 | Swamp:4  | HP: 17/174 [thorn hunter/volley of thorns (43)]
 57003 | Swamp:4  | HP: 5/174 [poisoned by a swamp dragon (poison gas)]
 57004 | Swamp:4  | HP: 1/174 [poisoned by a swamp dragon (poison gas)]
 57005 | Swamp:4  | Succumbed to a swamp dragon's poison gas
 57986 | Crypt:1  | Entered Level 1 of the Crypt
 58397 | Crypt:1  | Noticed Jory
 58420 | Crypt:1  | Killed Jory
 58421 | Crypt:1  | Gained mutation: You have hooves in place of feet. [demonic
                  | ancestry]
 58421 | Crypt:1  | Reached XP level 24. HP: 116/180 MP: 23/23
 58820 | Crypt:1  | HP: 89/180 [caustic shrike zombie[a curse skull] (10)]
 58824 | Crypt:1  | HP: 28/180 [??? (20)]
 58826 | Crypt:1  | HP: 7/180 [freezing wraith[a curse skull] (10)]
 58829 | Crypt:1  | HP: 2/180 [skeletal warrior/+0 long sword (4)]
 58829 | Crypt:1  | Mangled by a vampire (10 damage)
                  | ... summoned by a curse skull
 59072 | Crypt:2  | Noticed Zenata
 59073 | Crypt:2  | HP: 72/180 [spriggan defender simulacrum[a necromancer]
                  | (36)]
 59076 | Crypt:2  | HP: 22/180 [reaper/+2 scythe of pain (20)]
 59078 | Crypt:2  | Killed by a resonance strike
                  | ... invoked by Zenata
                  | (20 damage)
 59090 | Crypt:2  | HP: 79/180 [flayed ghost/flay_damage[a curse skull] (25)]
 59093 | Crypt:2  | HP: 31/180 [Zenata/a resonance strike (15)]
 59095 | Crypt:2  | HP: 10/178 [shadow wraith (10)]
 59095 | Crypt:2  | Slain by Zenata
                  | ... wielding a +4 eveningstar of holy wrath
                  | (15 damage)
 59104 | Crypt:2  | HP: 81/180 [ancient champion/+3 battleaxe of draining (16)]
 59106 | Crypt:2  | HP: 18/177 [Zenata/a resonance strike (42)]
 59109 | Crypt:2  | HP: 7/177 [shadow wraith (10)]
 59109 | Crypt:2  | Mangled by Zenata
                  | ... wielding a +4 eveningstar of holy wrath
                  | (20 damage)
 59114 | Crypt:2  | HP: 24/175 [+1 heavy war axe[Zenata] (7)]
 59114 | Crypt:2  | HP: 7/175 [phantasmal warrior (16)]
 59116 | Crypt:2  | Mangled by a shadow wraith (17 damage)
 59125 | Crypt:2  | HP: 82/175 [+1 heavy war axe[Zenata] (10)]
 59131 | Crypt:2  | HP: 55/176 [revenant (6)]
 59136 | Crypt:2  | HP: 49/177 [poisoned by a +1 short sword of venom]
 59140 | Crypt:2  | HP: 24/177 [poisoned by a +1 short sword of venom]
 59145 | Crypt:2  | HP: 10/177 [poisoned by a +1 short sword of venom]
 59146 | Crypt:2  | HP: 3/175 [laughing skull/bolt of negative energy[a vampire
                  | mage] (4)]
 59146 | Crypt:2  | Killed by a resonance strike
                  | ... invoked by Zenata
                  | (5 damage)
 59149 | Crypt:2  | Killed Zenata
 59151 | Crypt:2  | HP: 77/172 [laughing skull/bolt of negative energy[a
                  | vampire mage] (15)]
 59155 | Crypt:2  | HP: 31/172 [ice dragon simulacrum[a necromancer] (13)]
 59155 | Crypt:2  | HP: 15/172 [reaper/+2 scythe of pain (2)]
 59156 | Crypt:2  | HP: 1/172 [jiangshi[a vampire mage] (13)]
 59157 | Crypt:2  | Slain by a reaper
                  | ... wielding a +2 scythe of pain
                  | (2 damage)
 59165 | Crypt:2  | HP: 86/172 [reaper/+2 scythe of pain (15)]
 59170 | Crypt:2  | HP: 61/173 [reaper/+2 scythe of pain (23)]
 59175 | Crypt:2  | HP: 38/171 [revenant] (5)]
 59178 | Crypt:2  | HP: 16/169 [spectral quicksilver dragon[a vampire mage]
                  | (5)]
 59178 | Crypt:2  | HP: 7/167 [reaper/+2 scythe of pain (3)]
 59179 | Crypt:2  | HP: 1/167 [revenant] (6)]
 59179 | Crypt:2  | Demolished by an alligator snapping turtle skeleton (22
                  | damage)
 59902 | Crypt:3  | Entered Level 3 of the Crypt
 60326 | Crypt:3  | Identified the +7 chain mail "Keifapt" {Harm rN+ Dex-2
                  | SInv}
 60433 | Crypt:3  | HP: 87/181 [??? (68)]
 60442 | Crypt:3  | HP: 50/181 [??? (39)]
 60459 | Crypt:3  | Reached skill level 19 in Evocations
 60481 | Crypt:3  | Reached skill level 24 in Shields
 60495 | Crypt:3  | HP: 46/181 [profane servitor/+1 demon whip (9)]
 60503 | Crypt:3  | HP: 30/181 [profane servitor/+1 demon whip (11)]
 60845 | Crypt:3  | Found a basalt altar of Yredelemnul.
 60850 | Crypt:3  | Found an ancient bone altar of Kikubaaqudgha.
 60899 | Crypt:3  | Identified the +1 scale mail "Viucw" {Int+2}
 60929 | Crypt:3  | Identified the ring of Soiwaket {*Slow rF+++ rC++ rCorr
                  | Str-3}
 61363 | Crypt:3  | Identified the +8 sling of Xom's Envy {speed, rPois rN+
                  | Dex-5 SInv}
 61367 | Crypt:3  | HP: 79/181 [skeletal warrior/sling bullet[an ancient
                  | champion] (16)]
 61377 | Crypt:3  | HP: 74/181 [something (9)]
 61545 | Crypt:3  | HP: 88/181 [torment (69)]
 61770 | Crypt:3  | Reached skill level 18 in Polearms
 62138 | Crypt:3  | Found a staircase to the Tomb.
 62576 | Zot:1    | Entered Level 1 of the Realm of Zot
 62647 | Zot:1    | HP: 81/179 [poisoned by a green draconian monk (poison
                  | gas)]
 62651 | Zot:1    | HP: 31/180 [poison (poison gas)]
 62652 | Zot:1    | HP: 15/180 [poison (poison gas)]
 62653 | Zot:1    | Succumbed to poison (poison gas)
 62661 | Zot:1    | HP: 88/181 [poison (poison gas)]
 62666 | Zot:1    | HP: 78/181 [poison (poison gas)]
 62671 | Zot:1    | HP: 75/181 [poison (poison gas)]
 63690 | Zot:1    | Found a transporter.
 63753 | Zot:1    | HP: 89/181 [poisoned by a green draconian monk (blast of
                  | poison)]
 63757 | Zot:1    | HP: 17/181 [golden dragon (36)]
 63757 | Zot:1    | Mangled by a red draconian
                  | ... wielding a +0 mace
                  | ... led by a green draconian monk
                  | (23 damage)
 63762 | Zot:1    | HP: 84/181 [poisoned by a green draconian monk (blast of
                  | poison)]
 63764 | Zot:1    | HP: 24/181 [golden dragon (41)]
 63766 | Zot:1    | Slain by a red draconian
                  | ... wielding a +0 mace
                  | ... led by a green draconian monk
                  | (19 damage)
 64348 | Zot:1    | HP: 87/182 [constriction (5)]
 64351 | Zot:1    | HP: 33/182 [black draconian knight/bolt of cold (43)]
 64356 | Zot:1    | HP: 6/182 [black draconian knight/shard of ice (22)]
 64360 | Zot:1    | Mangled by a black draconian knight
                  | ... wielding a +2 vampiric long sword
                  | (13 damage)
 64766 | Zot:1    | Found a transporter.
 64768 | Zot:1    | Found the +7 captain's cutlass {speed, disarm}
 64915 | Zot:1    | HP: 89/182 [green draconian monk[a Zot trap] (5)]
 64917 | Zot:1    | HP: 42/182 [storm dragon (17)]
 64918 | Zot:1    | HP: 17/182 [magical explosion (9)]
 64918 | Zot:1    | Gained mutation: You are occasionally teleported next to
                  | monsters. [mutagenic glow]
 64919 | Zot:1    | HP: 8/182 [storm dragon (6)]
 64922 | Zot:1    | HP: 3/182 [green draconian monk (1)]
 64923 | Zot:1    | Succumbed to a green draconian monk's poison
 64943 | Zot:1    | Lost mutation: You are agile. (Dex +4, Str/Int -1)
                  | [mutagenic glow]
 65182 | Zot:1    | Identified the amulet of the Stag {Acrobat ^Fragile +Inv
                  | rElec rF++}
 65198 | Zot:1    | Identified the ring "Jiogy" {rN+++ Int+3 Dex-3 SInv}
 65272 | Zot:2    | HP: 86/182 [yellow draconian/glob of acid[a yellow
                  | draconian annihilator] (11)]
 65277 | Zot:2    | HP: 66/182 [yellow draconian/+0 flail[a white draconian
                  | stormcaller] (1)]
 65277 | Zot:2    | HP: 30/182 [red draconian/+0 mace (7)]
 65279 | Zot:2    | HP: 11/182 [storm dragon (10)]
 65281 | Zot:2    | HP: 4/182 [yellow draconian/+0 flail[a white draconian
                  | stormcaller] (6)]
 65282 | Zot:2    | HP: 1/182 [poisoned by a green draconian (blast of poison)]
 65283 | Zot:2    | Killed by divine providence
                  | ... invoked by a white draconian stormcaller
                  | (10 damage)
 65291 | Zot:2    | HP: 86/182 [black draconian/+0 war axe[a white draconian
                  | stormcaller] (23)]
 65294 | Zot:2    | HP: 39/182 [black draconian/bolt of lightning[a yellow
                  | draconian annihilator] (7)]
 65296 | Zot:2    | HP: 17/182 [black draconian/+0 halberd (6)]
 65297 | Zot:2    | Slain by a black draconian
                  | ... wielding a +0 glaive
                  | (18 damage)
 65302 | Zot:2    | Reached XP level 25. HP: 133/189 MP: 22/23
 65307 | Zot:2    | HP: 87/189 [white draconian stormcaller/divine providence[a
                  | white draconian stormcaller] (11)]
 65310 | Zot:2    | HP: 40/189 [tentacled monstrosity (8)]
 65311 | Zot:2    | Reached skill level 18 in Armour
 65311 | Zot:2    | HP: 15/189 [black draconian/+0 war axe[a white draconian
                  | stormcaller] (24)]
 65311 | Zot:2    | HP: 6/189 [tentacled monstrosity (9)]
 65311 | Zot:2    | HP: 2/189 [constriction (4)]
 65312 | Zot:2    | Demolished by a yellow draconian
                  | ... wielding a +0 hand axe
                  | (18 damage)
 65316 | Zot:2    | HP: 92/189 [constriction (5)]
 65319 | Zot:2    | HP: 31/189 [tentacled monstrosity (16)]
 65320 | Zot:2    | HP: 15/189 [constriction (5)]
 65321 | Zot:2    | HP: 2/189 [black draconian/+0 war axe[a white draconian
                  | stormcaller] (11)]
 65321 | Zot:2    | Mangled by a green draconian monk (15 damage)
                  | ... led by a red draconian scorcher
 65326 | Zot:2    | HP: 94/189 [yellow draconian/glob of acid[a yellow
                  | draconian annihilator] (17)]
 65331 | Zot:2    | HP: 47/189 [poisoned by a green draconian monk]
 65336 | Zot:2    | HP: 27/189 [poisoned by a green draconian monk]
 65340 | Zot:2    | HP: 13/189 [yellow draconian/glob of acid[a white draconian
                  | stormcaller] (7)]
 65343 | Zot:2    | HP: 6/189 [black draconian/+0 glaive (5)]
 65345 | Zot:2    | HP: 1/189 [purple draconian/+0 dire flail of protection[a
                  | yellow draconian annihilator] (5)]
 65346 | Zot:2    | Succumbed to a green draconian monk's poison
 65356 | Zot:2    | HP: 90/189 [something (13)]
 65361 | Zot:2    | HP: 52/189 [something (6)]
 65363 | Zot:2    | HP: 24/189 [something (9)]
 65368 | Zot:2    | HP: 23/189 [black draconian/bolt of lightning (3)]
 65368 | Zot:2    | HP: 7/189 [yellow draconian annihilator/bolt of lightning
                  | (9)]
 65371 | Zot:2    | Killed from afar by a black draconian (8 damage)
                  | ... with a bolt of lightning
 65533 | Zot:2    | Identified the +8 longbow of Tension {speed, rPois rF-
                  | Will- Stlth+}
 65630 | Zot:3    | Reached skill level 20 in Evocations
 65644 | Zot:3    | HP: 86/189 [poison (poison gas)]
 65647 | Zot:3    | HP: 38/189 [poison (poison gas)]
 65648 | Zot:3    | HP: 13/189 [golden dragon/bolt of fire (16)]
 65649 | Zot:3    | HP: 6/189 [poison (poison gas)]
 65650 | Zot:3    | Succumbed to poison (poison gas)
 65716 | Zot:3    | Reached skill level 20 in Fighting
 65892 | Zot:3    | Noticed an orb of fire
 65900 | Zot:3    | Killed an orb of fire
 65903 | Zot:3    | HP: 91/189 [green draconian][a white draconian stormcaller]
                  | (7)]
 65904 | Zot:3    | HP: 44/189 [white draconian stormcaller (36)]
 65907 | Zot:3    | HP: 7/189 [white draconian stormcaller[a white draconian
                  | stormcaller] (20)]
 65907 | Zot:3    | HP: 1/189 [white draconian stormcaller/+0 short sword[a
                  | white draconian stormcaller] (6)]
 65908 | Zot:3    | Succumbed to a green draconian's poison gas
 65918 | Zot:3    | HP: 91/189 [yellow draconian annihilator/+0 long sword[a
                  | white draconian stormcaller] (8)]
 65923 | Zot:3    | HP: 49/189 [white draconian stormcaller/divine providence
                  | (12)]
 65930 | Zot:3    | HP: 15/189 [white draconian stormcaller/blast of cold[a
                  | white draconian stormcaller] (24)]
 65933 | Zot:3    | HP: 5/189 [white draconian stormcaller/+0 short sword[a
                  | white draconian stormcaller] (4)]
 66006 | Zot:3    | HP: 38/189 [red draconian/searing blast (3)]
 66007 | Zot:3    | Killed from afar by a red draconian (39 damage)
                  | ... with a searing blast
 66086 | Zot:3    | Found Ciyla's Globular Garage.
 66086 | Zot:3    | Noticed an orb of fire
 66093 | Zot:3    | HP: 58/189 [orb of fire/bolt of fire (81)]
 66099 | Zot:3    | HP: 43/189 [orb of fire (17)]
 66102 | Zot:3    | Killed an orb of fire
 66107 | Zot:3    | HP: 17/189 [red draconian scorcher/damnation (29)]
 66109 | Zot:3    | Killed from afar by a red draconian scorcher (20 damage)
                  | ... with a searing blast
 66173 | Zot:3    | Lost mutation: Your movements are slightly less encumbered
                  | by armour. (ER -2) [potion of mutation]
 66173 | Zot:3    | Lost mutation: You are occasionally teleported next to
                  | monsters. [potion of mutation]
 66173 | Zot:3    | Lost mutation: You are resistant to electric shocks.
                  | (rElec) [potion of mutation]
 66173 | Zot:3    | Gained mutation: You occasionally lose the ability to read
                  | scrolls when taking damage. [potion of mutation]
 66173 | Zot:3    | Gained mutation: You have a pair of small horns on your
                  | head. [potion of mutation]
 66173 | Zot:3    | Gained mutation: Your magical capacity is low. (-10% MP)
                  | [potion of mutation]
 66173 | Zot:3    | Gained mutation: You have a pair of horns on your head.
                  | [potion of mutation]
 66174 | Zot:3    | Lost mutation: You are dopey. (Int -2) [potion of mutation]
 66174 | Zot:3    | Lost mutation: You occasionally lose the ability to read
                  | scrolls when taking damage. [potion of mutation]
 66174 | Zot:3    | Gained mutation: You have a pair of large horns on your
                  | head. [potion of mutation]
 66175 | Zot:3    | Lost mutation: You have a pair of large horns on your head.
                  | [potion of mutation]
 66175 | Zot:3    | Lost mutation: Your magical capacity is low. (-10% MP)
                  | [potion of mutation]
 66175 | Zot:3    | Lost mutation: You have a pair of horns on your head.
                  | [potion of mutation]
 66175 | Zot:3    | Gained mutation: Your spells are a little harder to cast,
                  | but a little more powerful. [potion of mutation]
 66247 | Zot:3    | HP: 85/189 [purple draconian/bolt of dispelling energy[a
                  | red draconian scorcher] (21)]
 66253 | Zot:3    | HP: 43/189 [red draconian scorcher/searing blast (35)]
 66726 | Zot:3    | Found a runed translucent gate.
 66726 | Zot:3    | Found a runed translucent gate.
 66726 | Zot:3    | Found a runed translucent gate.
 66727 | Zot:3    | Noticed Vytzaeja's ghost (veteran OnBe)
 66974 | Zot:3    | HP: 90/189 [green draconian monk[a yellow draconian
                  | annihilator] (10)]
 66979 | Zot:3    | HP: 62/189 [poisoned by a green draconian monk (blast of
                  | poison)]
 66984 | Zot:3    | HP: 31/189 [poisoned by a green draconian monk (blast of
                  | poison)]
 66988 | Zot:3    | HP: 15/189 [green draconian/+1 dire flail of protection[a
                  | yellow draconian annihilator] (4)]
 66993 | Zot:3    | HP: 13/189 [poisoned by a green draconian monk (blast of
                  | poison)]
 67437 | Zot:3    | Killed Vytzaeja's ghost
 67581 | Zot:4    | HP: 94/189 [poisoned by a green draconian (blast of
                  | poison)]
 67585 | Zot:4    | HP: 43/189 [black draconian knight/+5 great mace of
                  | protection[a yellow draconian annihilator] (7)]
 67591 | Zot:4    | HP: 33/189 [poisoned by a green draconian (blast of
                  | poison)]
 68068 | Zot:4    | Found a transporter.
 68135 | Zot:4    | HP: 93/189 [yellow draconian annihilator/+0 long sword[a
                  | purple draconian shifter] (14)]
 68421 | Zot:4    | Reached skill level 25 in Shields
 68435 | Zot:4    | HP: 93/189 [poisoned by a yellow draconian annihilator
                  | (poison arrow)]
 68440 | Zot:4    | HP: 79/189 [poisoned by a yellow draconian annihilator
                  | (poison arrow)]
 68445 | Zot:4    | HP: 60/190 [poisoned by a yellow draconian annihilator
                  | (poison arrow)]
 68450 | Zot:4    | HP: 35/190 [storm dragon (23)]
 68819 | Zot:4    | Found a transporter.
 69655 | Zot:4    | Noticed an orb of fire
 69655 | Zot:4    | Noticed an orb of fire
 69668 | Zot:4    | Gained mutation: Potions are less effective at restoring
                  | your health. [an orb of fire]
 69669 | Zot:4    | Gained mutation: You are occasionally teleported next to
                  | monsters. [an orb of fire]
 69669 | Zot:4    | Gained mutation: You are strong-willed. (Will+) [an orb of
                  | fire]
 69670 | Zot:4    | HP: 13/190 [orb of fire/bolt of fire (85)]
 69671 | Zot:4    | Killed from afar by an orb of fire (47 damage)
                  | ... with a bolt of fire
 69673 | Zot:4    | Gained mutation: Armour fits poorly on your strangely
                  | shaped body. [an orb of fire]
 69675 | Zot:4    | HP: 15/190 [constriction (8)]
 69676 | Zot:4    | Demolished by a protean progenitor (29 damage)
 69679 | Zot:4    | Slain by a quicksilver dragon (12 damage)
 69680 | Zot:4    | HP: 65/185 [quicksilver dragon (17)]
 69681 | Zot:4    | HP: 30/185 [tentacled monstrosity (5)]
 69681 | Zot:4    | HP: 2/185 [tentacled monstrosity (14)]
 69681 | Zot:4    | Slain by a tentacled monstrosity (3 damage)
 69681 | Zot:4    | Gained mutation: You do not regenerate when monsters are
                  | visible. [an orb of fire]
 69682 | Zot:4    | Slain by a shadow dragon (8 damage)
 69683 | Zot:4    | Gained mutation: You are frail. (-10% HP) [an orb of fire]
 69684 | Zot:4    | Slain by a quicksilver dragon (16 damage)
 69686 | Zot:4    | HP: 36/158 [poisoned by a yellow draconian annihilator
                  | (poison arrow)]
 69686 | Zot:4    | Slain by a storm dragon (26 damage)
 69686 | Zot:4    | HP: 14/158 [spore (45)]
 69686 | Zot:4    | Killed by an exploding shadow dragon (43 damage)
                  | ... ignited by their inner flame
 69686 | Zot:4    | Killed by an exploding yellow draconian annihilator (18
                  | damage)
                  | ... ignited by their inner flame
 69687 | Zot:4    | Reached skill level 21 in Evocations
 69687 | Zot:4    | Gained mutation: Your magical and physical power is greatly
                  | enhanced at high health. [demonic ancestry]
 69687 | Zot:4    | Reached XP level 26. HP: 100/175 MP: 1/23
 69691 | Zot:4    | Gained mutation: You are weak. (Str -2) [an orb of fire]
 69693 | Zot:4    | HP: 26/175 [orb of fire/fireball (62)]
 69693 | Zot:4    | HP: 12/175 [orb of fire (14)]
 69694 | Zot:4    | Demolished by a bunyip (32 damage)
                  | ... spawned from a protean progenitor
 69695 | Zot:4    | Lost mutation: You do not regenerate when monsters are
                  | visible. [an orb of fire]
 69698 | Zot:4    | Gained mutation: You are vulnerable to cold. (rC-) [an orb
                  | of fire]
 69700 | Zot:4    | Gained mutation: You do not regenerate when monsters are
                  | visible. [an orb of fire]
 69700 | Zot:4    | Gained mutation: You are very frail. (-20% HP) [an orb of
                  | fire]
 69702 | Zot:4    | Killed an orb of fire
 69712 | Zot:4    | Killed an orb of fire
 69717 | Zot:4    | Lost mutation: Your spells are a little harder to cast, but
                  | a little more powerful. [potion of mutation]
 69717 | Zot:4    | Lost mutation: You are very frail. (-20% HP) [potion of
                  | mutation]
 69717 | Zot:4    | Lost mutation: You have a pair of small horns on your head.
                  | [potion of mutation]
 69717 | Zot:4    | Gained mutation: You sometimes lose your temper in combat.
                  | [potion of mutation]
 69717 | Zot:4    | Lost mutation: You are frail. (-10% HP) [potion of
                  | mutation]
 69717 | Zot:4    | Gained mutation: You are clumsy. (Dex -2) [potion of
                  | mutation]
 69718 | Zot:4    | Lost mutation: You are weak. (Str -2) [potion of mutation]
 69718 | Zot:4    | Lost mutation: You do not regenerate when monsters are
                  | visible. [potion of mutation]
 69718 | Zot:4    | Lost mutation: Armour fits poorly on your strangely shaped
                  | body. [potion of mutation]
 69718 | Zot:4    | Gained mutation: Your system is resistant to poisons.
                  | (rPois) [potion of mutation]
 69718 | Zot:4    | Lost mutation: You are occasionally teleported next to
                  | monsters. [potion of mutation]
 69718 | Zot:4    | Gained mutation: You expend magic power (3 MP) to
                  | strengthen your wands. [potion of mutation]
 69719 | Zot:4    | Lost mutation: You are strong-willed. (Will+) [potion of
                  | mutation]
 69719 | Zot:4    | Lost mutation: You are vulnerable to cold. (rC-) [potion of
                  | mutation]
 69719 | Zot:4    | Lost mutation: You expend magic power (3 MP) to strengthen
                  | your wands. [potion of mutation]
 69719 | Zot:4    | Gained mutation: You are frail. (-10% HP) [potion of
                  | mutation]
 69719 | Zot:4    | Gained mutation: Your spells are a little harder to cast,
                  | but a little more powerful. [potion of mutation]
 69720 | Zot:4    | Lost mutation: You sometimes lose your temper in combat.
                  | [potion of mutation]
 69720 | Zot:4    | Lost mutation: Your system is resistant to poisons. (rPois)
                  | [potion of mutation]
 69720 | Zot:4    | Lost mutation: Potions are less effective at restoring your
                  | health. [potion of mutation]
 69720 | Zot:4    | Lost mutation: You are clumsy. (Dex -2) [potion of
                  | mutation]
 69720 | Zot:4    | Gained mutation: You are weak. (Str -2) [potion of
                  | mutation]
 69720 | Zot:4    | Gained mutation: You are agile. (Dex +4, Str/Int -1)
                  | [potion of mutation]
 69721 | Zot:4    | Lost mutation: You are agile. (Dex +4, Str/Int -1) [potion
                  | of mutation]
 69721 | Zot:4    | Lost mutation: Your spells are a little harder to cast, but
                  | a little more powerful. [potion of mutation]
 69721 | Zot:4    | Lost mutation: You are frail. (-10% HP) [potion of
                  | mutation]
 69721 | Zot:4    | Gained mutation: You have supernaturally acute eyesight.
                  | (SInv) [potion of mutation]
 69721 | Zot:4    | Gained mutation: Your mind is acute. (Int +4, Str/Dex -1)
                  | [potion of mutation]
 69722 | Zot:4    | Lost mutation: You are weak. (Str -2) [potion of mutation]
 69722 | Zot:4    | Lost mutation: Your mind is acute. (Int +4, Str/Dex -1)
                  | [potion of mutation]
 69722 | Zot:4    | Gained mutation: You are somewhat resistant to further
                  | mutation. [potion of mutation]
 69935 | Zot:4    | Identified the ring of Xom's Full Attention {rC+ rN+ Will-
                  | rCorr Str+2}
 69959 | Zot:4    | Identified the ring "Folorph" {rC+ rN++ Will+ MP+9 Int-2}
 69968 | Zot:4    | Identified the ring of Undoing {*Slow rElec MP+9 Slay+6}
 70012 | Zot:5    | Entered Level 5 of the Realm of Zot
 70024 | Zot:5    | HP: 74/197 [electric golem/bolt of lightning (35)]
 70025 | Zot:5    | HP: 16/197 [black draconian knight/bolt of lightning (40)]
 70028 | Zot:5    | Killed from afar by a white draconian (27 damage)
                  | ... with a blast of cold
                  | ... led by a red draconian scorcher
 70040 | Zot:5    | HP: 92/197 [shadow dragon (7)]
 70046 | Zot:5    | HP: 42/196 [acid[a red draconian scorcher] (9)]
 70051 | Zot:5    | HP: 37/197 [yellow draconian annihilator/+0 whip[a red
                  | draconian scorcher] (4)]
 70053 | Zot:5    | HP: 18/197 [red draconian scorcher/+0 long sword (4)]
 70060 | Zot:5    | HP: 7/197 [red draconian/searing blast[a red draconian
                  | scorcher] (13)]
 70061 | Zot:5    | Killed from afar by a red draconian scorcher (38 damage)
                  | ... with damnation
                  | ... led by a red draconian scorcher
 70066 | Zot:5    | HP: 61/197 [red draconian scorcher/fireball[a red draconian
                  | scorcher] (38)]
 70071 | Zot:5    | HP: 43/198 [red draconian scorcher/bolt of fire[a red
                  | draconian scorcher] (2)]
 70076 | Zot:5    | Reached skill level 19 in Polearms
 70595 | Zot:5    | Found a transporter.
 70619 | Zot:5    | HP: 84/198 [storm dragon/bolt of lightning (27)]
 70621 | Zot:5    | HP: 24/198 [golden dragon/bolt of fire (50)]
 70621 | Zot:5    | HP: 11/198 [golden dragon (13)]
 71136 | Zot:5    | Noticed an ancient lich
 71142 | Zot:5    | Noticed an orb of fire
 71143 | Zot:5    | Noticed an orb of fire
 71152 | Zot:5    | HP: 62/198 [orb of fire/bolt of fire (42)]
 71159 | Zot:5    | Killed an ancient lich
 71160 | Zot:5    | HP: 55/198 [storm dragon/bolt of lightning (6)]
 71162 | Zot:5    | HP: 26/198 [orb of fire/bolt of fire (29)]
 71164 | Zot:5    | HP: 10/198 [storm dragon (16)]
 71165 | Zot:5    | Killed an orb of fire
 71166 | Zot:5    | HP: 2/198 [storm dragon (7)]
 71167 | Zot:5    | Killed from afar by an electric golem (9 damage)
                  | ... with a bolt of lightning
 71170 | Zot:5    | Lost mutation: You are somewhat resistant to further
                  | mutation. [an orb of fire]
 71178 | Zot:5    | Killed an orb of fire
 71192 | Zot:5    | Noticed an orb of fire
 71192 | Zot:5    | HP: 77/198 [Orb Guardian (50)]
 71198 | Zot:5    | HP: 48/198 [Orb Guardian (14)]
 71200 | Zot:5    | HP: 23/198 [Orb Guardian (8)]
 71200 | Zot:5    | Noticed an orb of fire
 71202 | Zot:5    | Mangled by an Orb Guardian (30 damage)
 71205 | Zot:5    | HP: 97/198 [Orb Guardian (9)]
 71208 | Zot:5    | HP: 38/198 [Orb Guardian (48)]
 71208 | Zot:5    | Noticed an ancient lich
 71209 | Zot:5    | Gained mutation: You occasionally shout uncontrollably at
                  | your foes. [an orb of fire]
 71210 | Zot:5    | HP: 13/198 [Orb Guardian (8)]
 71214 | Zot:5    | Annihilated by an Orb Guardian (51 damage)
 71215 | Zot:5    | Gained mutation: You are dopey. (Int -2) [an orb of fire]
 71219 | Zot:5    | Gained mutation: You do not regenerate when monsters are
                  | visible. [an orb of fire]
 71219 | Zot:5    | Noticed a dread lich
 71225 | Zot:5    | Gained mutation: You have hidden genetic potential. [an orb
                  | of fire]
 71234 | Zot:5    | HP: 92/198 [orb of fire/bolt of fire (41)]
 71239 | Zot:5    | HP: 71/198 [deathcap[a curse toe] (21)]
 71243 | Zot:5    | Gained mutation: You are frail. (-10% HP) [an orb of fire]
 71244 | Zot:5    | HP: 36/176 [orb of fire/bolt of fire (29)]
 71244 | Zot:5    | Gained mutation: You sometimes lose your temper in combat.
                  | [an orb of fire]
 71244 | Zot:5    | HP: 6/176 [Orb Guardian (17)]
 71245 | Zot:5    | Killed an orb of fire
 71248 | Zot:5    | Paralysed by a dread lich for 3 turns
 71249 | Zot:5    | Killed from afar by an ancient lich (26 damage)
                  | ... with a crystal spear
                  | ... while paralysed by a dread lich
 71251 | Zot:5    | HP: 75/165 [dread lich (10)]
 71252 | Zot:5    | Noticed an ancient lich
 71252 | Zot:5    | Lost mutation: You sometimes lose your temper in combat.
                  | [an orb of fire]
 71254 | Zot:5    | HP: 31/160 [Orb Guardian (7)]
 71256 | Zot:5    | Killed an ancient lich
 71257 | Zot:5    | Reached skill level 19 in Armour
 71259 | Zot:5    | HP: 16/166 [tentacled monstrosity (9)]
 71259 | Zot:5    | Gained mutation: You are weak. (Str -2) [an orb of fire]
 71260 | Zot:5    | HP: 6/166 [???[a dread lich] (2)]
 71263 | Zot:5    | Constricted to death by a tentacled monstrosity (6 damage)
 71265 | Zot:5    | Killed a dread lich
 71268 | Zot:5    | HP: 84/176 [orb of fire (16)]
 71269 | Zot:5    | HP: 36/176 [orb of fire/bolt of fire (48)]
 71272 | Zot:5    | Gained mutation: You are very dopey. (Int -4) [an orb of
                  | fire]
 71275 | Zot:5    | Gained mutation: You are vulnerable to heat. (rF-) [an orb
                  | of fire]
 71276 | Zot:5    | Gained mutation: Your body sometimes deteriorates upon
                  | taking damage. [an orb of fire]
 71278 | Zot:5    | Killed an orb of fire
 71281 | Zot:5    | Killed an ancient lich
 71284 | Zot:5    | Reached skill level 21 in Fighting
 71285 | Zot:5    | HP: 20/177 [moth of wrath (16)]
 71290 | Zot:5    | HP: 23/265 [red devil/+0 trident[an obsidian statue] (7)]
 71359 | Zot:5    | Noticed an ancient lich
 71365 | Zot:5    | Killed from afar by an ancient lich (54 damage)
                  | ... with a crystal spear
 71367 | Zot:5    | Killed an ancient lich
 71503 | Zot:5    | Reached skill level 22 in Evocations
 72487 | Zot:2    | HP: 47/177 [electric golem/bolt of lightning (46)]
 72489 | Zot:2    | HP: 8/177 [electric golem/bolt of lightning (39)]
 72489 | Zot:2    | Killed from afar by an electric golem (36 damage)
                  | ... with a bolt of lightning
 73042 | Tomb:1   | Entered Level 1 of the Tomb of the Ancients
 73149 | Tomb:1   | HP: 78/177 [mummy priest/divine providence (13)]
 73442 | Tomb:1   | HP: 60/177 [torment (47)]
 73719 | Tomb:1   | HP: 69/177 [something (20)]
 73890 | Tomb:1   | HP: 66/177 [torment (51)]
 73905 | Tomb:1   | HP: 58/173 [mummy priest/divine providence (14)]
 73905 | Tomb:1   | Noticed a royal mummy
 73913 | Tomb:1   | HP: 39/173 [emperor scorpion[a royal mummy] (19)]
 73915 | Tomb:1   | Killed a royal mummy
 73919 | Tomb:1   | HP: 21/176 [torment (15)]
 73923 | Tomb:1   | Reached skill level 26 in Shields
 75204 | Tomb:2   | Noticed a royal mummy
 75208 | Tomb:2   | Gained mutation: You are surrounded by a strong repulsion
                  | field. (EV +4, RMsl) [demonic ancestry]
 75208 | Tomb:2   | Reached XP level 27. HP: 170/182 MP: 23/23
 75209 | Tomb:2   | Noticed a royal mummy
 75209 | Tomb:2   | Noticed a royal mummy
 75212 | Tomb:2   | Noticed a royal mummy
 75213 | Tomb:2   | HP: 87/182 [death scarab (15)]
 75216 | Tomb:2   | HP: 33/182 [death scarab (16)]
 75218 | Tomb:2   | HP: 8/182 [death scarab (17)]
 75218 | Tomb:2   | Killed by divine providence
                  | ... invoked by a royal mummy
                  | (9 damage)
 75224 | Tomb:2   | HP: 26/182 [death scarab (20)]
 75224 | Tomb:2   | HP: 11/182 [death scarab (15)]
 75225 | Tomb:2   | Slain by a death scarab (14 damage)
 75229 | Tomb:2   | HP: 45/182 [??? (34)]
 75231 | Tomb:2   | HP: 8/182 [royal mummy/divine providence (15)]
 75232 | Tomb:2   | Mangled by a death scarab (14 damage)
 75236 | Tomb:2   | Quit the game

Illustrated notes

Levels and vault maps discovered:
D:1:      minmay_arrival_four_houses, layout_basic
D:2:      layout_loops_cross, uniq_robin
D:3:      layout_loops_ring, nicolae_gozag_cash_rules_everything_around_me,
          nicolae_the_louvre
D:4:      layout_basic, serial_shops, shop_statue, shop, shop_fountains,
          nicolae_shop_advertising_works [nicolae_subvault_shop_adworks], shop,
          uniq_sigmund
D:5:      layout_basic, mainiacjoe_overflow_cross_hatched,
          overflow_temple_1_default, serial_shops, shop_statue,
          ebering_ghost_sewer_d, serial_aquarium, aquarium_bridge_square
          [aquarium_subvault_window, aquarium_subvault_bridge,
          aquarium_subvault_balcony, aquarium_subvault_bridge],
          aquarium_window_1, aquarium_window_fake, aquarium_window_fake,
          aquarium_view_2e, aquarium_pool_five, minmay_shop_mass, uniq_grinder,
          uniq_ijyb
D:6:      layout_rooms, mainiacjoe_overflow_alcove_2, overflow_temple_1_default,
          led_xom_imps, lemuel_crystal_altar,
          chequers_temple_overflow_minitemple
D:7:      layout_gridville, temple_doors_e, eino_small_chamber_without_monster
D:8:      minmay_chambers_of_fours, layout_basic,
          nicolae_shop_i_like_small_books_too, lemuel_flamethrower_2, uniq_grum,
          uniq_joseph
D:9:      layout_layer_cave, marbit_many_paths,
          nicolae_qazlal_style_of_elements, mainiacjoe_overflow_boulevard,
          uniq_harold
D:10:     layout_stronghold, dpeg_lair_monsters
D:11:     layout_layer_cave, serial_undead, serial_undead_c, serial_undead_b,
          serial_undead_b, serial_undead_f, serial_undead_b,
          wad_floor_pattern_1, nicolae_danse_macabre
D:12:     layout_loops_ring, david_orc_5, serial_shops, nicolae_diamond_shop,
          nicolae_trove_entry_isolated, kennysheep_treasure_room
D:13:     layout_basic, gauntlet_entry_generic
D:14:     layout_rooms, erik_vaults_2, kennysheep_inner_square
D:15:     hangedman_depths_entry_try_elsewhere_first, layout_gridville,
          hellmonk_okawaru_the_only_friend_you_need
Lair:1:   lemuel_ratsnest, layout_hall_layers, dreamdust_deal_with_the_devil,
          grunt_megastairs_5, uniq_jeremiah
Lair:2:   layout_big_grid, palyth_hydra_swamp_entry,
          nicolae_snake_entry_warm_welcome, infiniplex_staircase_pool_2
Lair:3:   layout_roguey, grunt_megastairs_1, serial_bayou_shore_a
Lair:4:   onia_ninara_swampy_vault, layout_hall_layers,
          minmay_lair_oklob_bushes, dpeg_oklob_1, uniq_josephine
Lair:5:   due_jungle_book, layout_regular_city, dpeg_slime_entry_corner,
          grunt_megastairs_4
Swamp:1:  layout_basic_swamp, hangedman_swamp_ruin_wall,
          nicolae_swamp_big_swirl, swamp_pool_5, grunt_ruined_hall
Swamp:2:  layout_basic_swamp, evilmike_swamp_ruin_rubble_1
Swamp:3:  layout_falls_marsh, evilmike_swamp_ruin_house_2, swamp_pool_1_2,
          uniq_bai_suzhen
Swamp:4:  swamp_basic_johnstein, layout_basic_swamp, swamp_pool_1_2, uniq_mara,
          uniq_roxanne
Snake:1:  layout_misc_corridors, serial_bayou, serial_bayou_pond_b,
          serial_bayou_shore_b, serial_bayou_lagoon_b, serial_bayou_crossing,
          nrook_guardian_serpent_double, uniq_agnes
Snake:2:  layout_chambers, nicolae_triple_integral
Snake:3:  layout_layer_cave, basic_altar, uniq_vashnia, uniq_mlioglotl
Snake:4:  grunt_snake_rune_pools, layout_misc_corridors, drop_trap,
          nicolae_snake_springs, serial_bayou_shore_b, minmay_shoptagon
Orc:1:    layout_caves, serial_shops, nicolae_diamond_shop, enter_volcano_2
Orc:2:    st_orc_mages, layout_diamond_mine
Vaults:1: nicolae_vaults_sealed_display, nicolae_vaults_door_testing_chamber,
          nicolae_vaults_frosty_reception, nicolae_vaults_heart-shaped_vault,
          nicolae_vaults_wine_cellar, v_misc_29, vaults_room_hallway,
          nicolae_vaults_c_with_doors, layout_vaults_maze, serial_shops,
          nicolae_shop_bloodbath_and_beyond, shop, shop
Vaults:2: infiniplex_enter_wizlab_spiral, hangedman_vaults_nails,
          nicolae_vaults_heart-shaped_vault, v_misc_23,
          minmay_crypt_entry_simple_plaza, vaults_room_grid, v_rooms_3,
          vaults_mumra_chevron_long, nicolae_vaults_rhombus_5,
          nicolae_vaults_trapezoid_lopsided_3, nicolae_vaults_rhombus_6,
          ontoclasm_vaults_decontamination, layout_vaults_omnicross
Vaults:3: vaults_standard_mumra_enter_the_diamond, vaults_room_boxed,
          nicolae_vaults_spaceships, nicolae_vaults_tetromino_L_2,
          ontoclasm_vaults_fault, vaults_room_pool, ontoclasm_vaults_chip,
          v_alt_pattern_1, nicolae_vaults_taking_the_gang_shopping,
          grunt_vaults_diagonal, ontoclasm_vaults_gateway,
          nicolae_vaults_tangram_1, layout_vaults_big_room, uniq_xtahua
Vaults:4: nicolae_vaults_closet_pinwheel_1, vaults_room_pools,
          nicolae_vaults_little_squares_3, v_misc_29, hangedman_vaults_stream,
          nicolae_vaults_stepped_doors, nicolae_vaults_windows_and_doors_thing,
          nicolae_vaults_closet_pinwheel_4, vaults_room_large_hall,
          nicolae_vaults_offset_grid_hallway_4, nicolae_vaults_little_squares_4,
          nicolae_vaults_theta, nicolae_vaults_angled_halls, vaults_room_pool,
          layout_vaults_omnibox, uniq_donald
Vaults:5: serial_shops, uniq_margery
Crypt:1:  layout_gridlike, uniq_jory
Crypt:2:  layout_rooms, uniq_zenata
Crypt:3:  lightli_unholy_cathedral, layout_chaotic_city,
          tomb_entry_pyramid_bobbens
Tomb:1
Tomb:2
Depths:1: layout_gridlike, hell_entry, nicolae_two_hexagons,
          cheibrodos_ashenzari_chains
Depths:2: minmay_chopped_fan, layout_basic, pf_coc_iceberg,
          grunt_pan_entry_sceptre, nicolae_tso_swordbearing_angel,
          kennysheep_generic_room_8, firewood_loft, uniq_sojobo
Depths:3: regret_index_dithmenos_brocken_genspenst, layout_basic,
          pf_vacation_house_of_asmodeus, nicolae_dithmenos_shadow_blocks,
          abyss_entry
Depths:4: evilmike_zot_entry_round, layout_cave_pools, enter_ziggurat_e,
          hell_entry, nicolae_kite_square_tiling_tiny, amcnicky_mini_pool_medium
Hell
Zot:1:    gammafunk_its_a_trap, layout_concentric_octagons, st_stairs_7,
          regret_index_zotdec_serpentine_scales
Zot:2:    layout_onion_interference, lemuel_elevator
Zot:3:    layout_misc_corridors, ebering_ghost_rock_garden, tekkud_shop_of_orbs
Zot:4:    gammafunk_dig_for_victory, layout_cathedral_of_symmetry,
          hangedman_zot_wheel_spokes
Zot:5:    layout_basic, grunt_ministairs_15, nicolae_diode_basic

Skill      XL: |  1  2  3  4  5  6  7  8  9 10 11 12 13 14 15 16 17 18 19 20 21 22 23 24 25 26 |
---------------+-------------------------------------------------------------------------------+-----
Polearms       | 2 3 4 5 6 7 8 9 10 11 12 13 14 15 16 17 18 19 | 19.5
Shields        | 3 4 5 7 8 10 11 13 14 15 17 18 19 20 21 22 23 24 25 26 | 26.0
Armour         | 3 4 5 6 7 8 9 10 11 12 13 14 15 16 17 18 19 | 19.2
Fighting       | 4 5 6 7 8 9 10 11 12 13 14 15 16 17 18 19 20 21 | 21.2
Evocations     | 4 8 10 12 14 15 16 18 19 21 22 | 22.2

Action                     |  1- 3 |  4- 6 |  7- 9 | 10-12 | 13-15 | 16-18 | 19-21 | 22-24 | 25-27 || total
---------------------------+-------+-------+-------+-------+-------+-------+-------+-------+-------++-------
  Melee: Trident           |   135 |   120 |   385 |   516 |       |       |   165 |  2705 |       ||  4026
         Demon trident     |       |       |       |   198 |   878 |  1873 |  1456 |   171 |   827 ||  5403
         Kick              |       |       |       |       |       |       |       |   367 |   358 ||   725
         Headbutt          |       |       |       |       |       |       |       |       |    82 ||    82
 Invoke: Ancestor Identity |       |       |     1 |       |       |       |       |       |       ||     1
         Ancestor Life: Ba |       |       |       |     1 |       |       |       |       |       ||     1
         Recall Ancestor   |       |       |       |     1 |       |     2 |     1 |     2 |     2 ||     8
         Transference      |       |       |       |       |     1 |       |       |       |       ||     1
         Idealise          |       |       |       |       |       |       |     1 |       |       ||     1
  Evoke: Condenser vane    |       |       |       |       |     1 |     2 |     5 |     5 |     2 ||    15
         Box of beasts     |       |       |       |       |       |     2 |       |     2 |       ||     4
         Wand              |       |       |       |       |       |     1 |       |       |     5 ||     6
         Phial of floods   |       |       |       |       |       |       |     1 |     4 |     1 ||     6
         Horn of Geryon    |       |       |       |       |       |       |       |     3 |       ||     3
    Use: Scroll            |     2 |    14 |     9 |    10 |     8 |     8 |     6 |    10 |     4 ||    71
         Potion            |       |       |       |     6 |       |     4 |     3 |     3 |    19 ||    35
   Stab: Distracted        |       |       |       |     8 |    11 |    32 |    24 |    56 |    31 ||   162
         Sleeping          |       |       |       |       |       |       |    14 |    23 |     1 ||    38
         Invisible         |       |       |       |       |       |       |       |       |     4 ||     4
 Armour: Scale mail        |   104 |    65 |   250 |   324 |       |       |       |       |       ||   743
         Plate armour      |       |       |       |   124 |  1015 |  1082 |   187 |       |       ||  2408
         Leather armour    |       |       |       |       |       |       |   650 |  1448 |   748 ||  2846
  Dodge: Dodged            |    65 |    49 |   117 |   214 |   277 |   409 |   397 |   619 |   331 ||  2478
  Block: Buckler           |    45 |    40 |   276 |   539 |   371 |       |       |       |       ||  1271
         Reflection        |       |       |    13 |    17 |    33 |    60 |    79 |   101 |     7 ||   310
         Kite shield       |       |       |       |       |   388 |  1696 |  1285 |  2552 |   790 ||  6711
         Other             |       |       |       |       |     1 |       |       |       |       ||     1

Table legend: (Time is in decaauts)
 A = Elapsed time spent in this place.
 B = Non-inter-level travel time spent in this place.
 C = Inter-level travel time spent in this place.
 D = Time resting spent in this place.
 E = Time spent auto-exploring this place.
 F = Levels seen in this place.
 G = Mean time per level.
                   A        B        C        D        E       F      G
               +--------+--------+--------+--------+--------+-----+--------+
         Total |  72558 |  67446 |   5112 |   2203 |  53736 |  53 | 1369.0 |
       Dungeon |  19215 |  17472 |   1743 |    726 |  13941 |  15 | 1281.0 |
          Lair |   6180 |   5634 |    546 |      0 |   4811 |   5 | 1236.0 |
         Swamp |   3914 |   3792 |    122 |      0 |   3212 |   4 |  978.5 |
     Snake Pit |   4821 |   4679 |    142 |      0 |   3932 |   4 | 1205.2 |
  Orcish Mines |   1104 |   1052 |     52 |      0 |    846 |   2 |  552.0 |
        Vaults |   9845 |   8973 |    872 |    406 |   7062 |   5 | 1969.0 |
         Crypt |   4122 |   3826 |    296 |      0 |   3227 |   3 | 1374.0 |
          Tomb |   2184 |   2104 |     80 |      0 |   1960 |   2 | 1092.0 |
        Depths |   7914 |   7209 |    705 |    146 |   5679 |   4 | 1978.5 |
          Hell |    994 |    962 |     32 |      0 |    590 |   1 |  994.0 |
           Zot |   9057 |   8540 |    517 |    783 |   6535 |   5 | 1811.4 |
       Volcano |    839 |    839 |      0 |      0 |    640 |   1 |  839.0 |
        Wizlab |   1336 |   1336 |      0 |    109 |    858 |   1 | 1336.0 |
      Gauntlet |   1027 |   1027 |      0 |     33 |    439 |   1 | 1027.0 |
               +--------+--------+--------+--------+--------+-----+--------+

Top non-repeatable levels by time:
Depths:2: 2425 daAuts
   Zot:4: 2410 daAuts
Vaults:2: 2357 daAuts
   Zot:5: 2341 daAuts
 Crypt:3: 2215 daAuts
Vaults:5: 2181 daAuts
    D:13: 2157 daAuts
  Tomb:1: 2155 daAuts
Vaults:1: 2108 daAuts
   Zot:1: 2004 daAuts
Depths:3: 1999 daAuts
    D:11: 1952 daAuts
   Zot:3: 1867 daAuts
Vaults:3: 1828 daAuts
Depths:1: 1762 daAuts

Levels and vault maps discovered:
D:1:      minmay_arrival_four_houses, layout_basic
D:2:      layout_loops_cross, uniq_robin
D:3:      layout_loops_ring, nicolae_gozag_cash_rules_everything_around_me,
          nicolae_the_louvre
D:4:      layout_basic, serial_shops, shop_statue, shop, shop_fountains,
          nicolae_shop_advertising_works [nicolae_subvault_shop_adworks], shop,
          uniq_sigmund
D:5:      layout_basic, mainiacjoe_overflow_cross_hatched,
          overflow_temple_1_default, serial_shops, shop_statue,
          ebering_ghost_sewer_d, serial_aquarium, aquarium_bridge_square
          [aquarium_subvault_window, aquarium_subvault_bridge,
          aquarium_subvault_balcony, aquarium_subvault_bridge],
          aquarium_window_1, aquarium_window_fake, aquarium_window_fake,
          aquarium_view_2e, aquarium_pool_five, minmay_shop_mass, uniq_grinder,
          uniq_ijyb
D:6:      layout_rooms, mainiacjoe_overflow_alcove_2, overflow_temple_1_default,
          led_xom_imps, lemuel_crystal_altar,
          chequers_temple_overflow_minitemple
D:7:      layout_gridville, temple_doors_e, eino_small_chamber_without_monster
D:8:      minmay_chambers_of_fours, layout_basic,
          nicolae_shop_i_like_small_books_too, lemuel_flamethrower_2, uniq_grum,
          uniq_joseph
D:9:      layout_layer_cave, marbit_many_paths,
          nicolae_qazlal_style_of_elements, mainiacjoe_overflow_boulevard,
          uniq_harold
D:10:     layout_stronghold, dpeg_lair_monsters
D:11:     layout_layer_cave, serial_undead, serial_undead_c, serial_undead_b,
          serial_undead_b, serial_undead_f, serial_undead_b,
          wad_floor_pattern_1, nicolae_danse_macabre
D:12:     layout_loops_ring, david_orc_5, serial_shops, nicolae_diamond_shop,
          nicolae_trove_entry_isolated, kennysheep_treasure_room
D:13:     layout_basic, gauntlet_entry_generic
D:14:     layout_rooms, erik_vaults_2, kennysheep_inner_square
D:15:     hangedman_depths_entry_try_elsewhere_first, layout_gridville,
          hellmonk_okawaru_the_only_friend_you_need
Lair:1:   lemuel_ratsnest, layout_hall_layers, dreamdust_deal_with_the_devil,
          grunt_megastairs_5, uniq_jeremiah
Lair:2:   layout_big_grid, palyth_hydra_swamp_entry,
          nicolae_snake_entry_warm_welcome, infiniplex_staircase_pool_2
Lair:3:   layout_roguey, grunt_megastairs_1, serial_bayou_shore_a
Lair:4:   onia_ninara_swampy_vault, layout_hall_layers,
          minmay_lair_oklob_bushes, dpeg_oklob_1, uniq_josephine
Lair:5:   due_jungle_book, layout_regular_city, dpeg_slime_entry_corner,
          grunt_megastairs_4
Swamp:1:  layout_basic_swamp, hangedman_swamp_ruin_wall,
          nicolae_swamp_big_swirl, swamp_pool_5, grunt_ruined_hall
Swamp:2:  layout_basic_swamp, evilmike_swamp_ruin_rubble_1
Swamp:3:  layout_falls_marsh, evilmike_swamp_ruin_house_2, swamp_pool_1_2,
          uniq_bai_suzhen
Swamp:4:  swamp_basic_johnstein, layout_basic_swamp, swamp_pool_1_2, uniq_mara,
          uniq_roxanne
Snake:1:  layout_misc_corridors, serial_bayou, serial_bayou_pond_b,
          serial_bayou_shore_b, serial_bayou_lagoon_b, serial_bayou_crossing,
          nrook_guardian_serpent_double, uniq_agnes
Snake:2:  layout_chambers, nicolae_triple_integral
Snake:3:  layout_layer_cave, basic_altar, uniq_vashnia, uniq_mlioglotl
Snake:4:  grunt_snake_rune_pools, layout_misc_corridors, drop_trap,
          nicolae_snake_springs, serial_bayou_shore_b, minmay_shoptagon
Orc:1:    layout_caves, serial_shops, nicolae_diamond_shop, enter_volcano_2
Orc:2:    st_orc_mages, layout_diamond_mine
Vaults:1: nicolae_vaults_sealed_display, nicolae_vaults_door_testing_chamber,
          nicolae_vaults_frosty_reception, nicolae_vaults_heart-shaped_vault,
          nicolae_vaults_wine_cellar, v_misc_29, vaults_room_hallway,
          nicolae_vaults_c_with_doors, layout_vaults_maze, serial_shops,
          nicolae_shop_bloodbath_and_beyond, shop, shop
Vaults:2: infiniplex_enter_wizlab_spiral, hangedman_vaults_nails,
          nicolae_vaults_heart-shaped_vault, v_misc_23,
          minmay_crypt_entry_simple_plaza, vaults_room_grid, v_rooms_3,
          vaults_mumra_chevron_long, nicolae_vaults_rhombus_5,
          nicolae_vaults_trapezoid_lopsided_3, nicolae_vaults_rhombus_6,
          ontoclasm_vaults_decontamination, layout_vaults_omnicross
Vaults:3: vaults_standard_mumra_enter_the_diamond, vaults_room_boxed,
          nicolae_vaults_spaceships, nicolae_vaults_tetromino_L_2,
          ontoclasm_vaults_fault, vaults_room_pool, ontoclasm_vaults_chip,
          v_alt_pattern_1, nicolae_vaults_taking_the_gang_shopping,
          grunt_vaults_diagonal, ontoclasm_vaults_gateway,
          nicolae_vaults_tangram_1, layout_vaults_big_room, uniq_xtahua
Vaults:4: nicolae_vaults_closet_pinwheel_1, vaults_room_pools,
          nicolae_vaults_little_squares_3, v_misc_29, hangedman_vaults_stream,
          nicolae_vaults_stepped_doors, nicolae_vaults_windows_and_doors_thing,
          nicolae_vaults_closet_pinwheel_4, vaults_room_large_hall,
          nicolae_vaults_offset_grid_hallway_4, nicolae_vaults_little_squares_4,
          nicolae_vaults_theta, nicolae_vaults_angled_halls, vaults_room_pool,
          layout_vaults_omnibox, uniq_donald
Vaults:5: serial_shops, uniq_margery
Crypt:1:  layout_gridlike, uniq_jory
Crypt:2:  layout_rooms, uniq_zenata
Crypt:3:  lightli_unholy_cathedral, layout_chaotic_city,
          tomb_entry_pyramid_bobbens
Tomb:1
Tomb:2
Depths:1: layout_gridlike, hell_entry, nicolae_two_hexagons,
          cheibrodos_ashenzari_chains
Depths:2: minmay_chopped_fan, layout_basic, pf_coc_iceberg,
          grunt_pan_entry_sceptre, nicolae_tso_swordbearing_angel,
          kennysheep_generic_room_8, firewood_loft, uniq_sojobo
Depths:3: regret_index_dithmenos_brocken_genspenst, layout_basic,
          pf_vacation_house_of_asmodeus, nicolae_dithmenos_shadow_blocks,
          abyss_entry
Depths:4: evilmike_zot_entry_round, layout_cave_pools, enter_ziggurat_e,
          hell_entry, nicolae_kite_square_tiling_tiny, amcnicky_mini_pool_medium
Hell
Zot:1:    gammafunk_its_a_trap, layout_concentric_octagons, st_stairs_7,
          regret_index_zotdec_serpentine_scales
Zot:2:    layout_onion_interference, lemuel_elevator
Zot:3:    layout_misc_corridors, ebering_ghost_rock_garden, tekkud_shop_of_orbs
Zot:4:    gammafunk_dig_for_victory, layout_cathedral_of_symmetry,
          hangedman_zot_wheel_spokes
Zot:5:    layout_basic, grunt_ministairs_15, nicolae_diode_basic

Table legend: (Time is in decaauts)
 A = Elapsed time spent in this place.
 B = Non-inter-level travel time spent in this place.
 C = Inter-level travel time spent in this place.
 D = Time resting spent in this place.
 E = Time spent auto-exploring this place.
 F = Levels seen in this place.
 G = Mean time per level.
                   A        B        C        D        E       F      G
               +--------+--------+--------+--------+--------+-----+--------+
         Total |  72558 |  67446 |   5112 |   2203 |  53736 |  53 | 1369.0 |
       Dungeon |  19215 |  17472 |   1743 |    726 |  13941 |  15 | 1281.0 |
          Lair |   6180 |   5634 |    546 |      0 |   4811 |   5 | 1236.0 |
         Swamp |   3914 |   3792 |    122 |      0 |   3212 |   4 |  978.5 |
     Snake Pit |   4821 |   4679 |    142 |      0 |   3932 |   4 | 1205.2 |
  Orcish Mines |   1104 |   1052 |     52 |      0 |    846 |   2 |  552.0 |
        Vaults |   9845 |   8973 |    872 |    406 |   7062 |   5 | 1969.0 |
         Crypt |   4122 |   3826 |    296 |      0 |   3227 |   3 | 1374.0 |
          Tomb |   2184 |   2104 |     80 |      0 |   1960 |   2 | 1092.0 |
        Depths |   7914 |   7209 |    705 |    146 |   5679 |   4 | 1978.5 |
          Hell |    994 |    962 |     32 |      0 |    590 |   1 |  994.0 |
           Zot |   9057 |   8540 |    517 |    783 |   6535 |   5 | 1811.4 |
       Volcano |    839 |    839 |      0 |      0 |    640 |   1 |  839.0 |
        Wizlab |   1336 |   1336 |      0 |    109 |    858 |   1 | 1336.0 |
      Gauntlet |   1027 |   1027 |      0 |     33 |    439 |   1 | 1027.0 |
               +--------+--------+--------+--------+--------+-----+--------+

Top non-repeatable levels by time:
Depths:2: 2425 daAuts
   Zot:4: 2410 daAuts
Vaults:2: 2357 daAuts
   Zot:5: 2341 daAuts
 Crypt:3: 2215 daAuts
Vaults:5: 2181 daAuts
    D:13: 2157 daAuts
  Tomb:1: 2155 daAuts
Vaults:1: 2108 daAuts
   Zot:1: 2004 daAuts
Depths:3: 1999 daAuts
    D:11: 1952 daAuts
   Zot:3: 1867 daAuts
Vaults:3: 1828 daAuts
Depths:1: 1762 daAuts

Table legend:
 A = Kills in this place as a percentage of kills in the entire game.
 B = Kills by you in this place as a percentage of kills by you in the entire game.
 C = Kills by friends in this place as a percentage of kills by friends in the entire game.
 D = Other kills in this place as a percentage of other kills in the entire game.
 E = Experience gained in this place as a percentage of experience gained in the entire game.
 F = Experience gained in this place divided by the number of levels of this place that you have seen.
                   A       B       C       D       E      F
               +-------+-------+-------+-------+-------+----------------------
         Total | 100.0 | 100.0 | 100.0 | 100.0 | 100.0 | 28417.7
       Dungeon |  16.7 |  19.0 |  11.0 |   0.0 |   5.4 | 5413.7
          Lair |  10.1 |   9.6 |  11.5 |   0.0 |   4.7 | 14167.6
         Swamp |   6.1 |   5.1 |   8.6 |  16.7 |   5.9 | 22269.5
     Snake Pit |   9.5 |   7.5 |  14.8 |  16.7 |   7.9 | 29585.2
  Orcish Mines |   4.0 |   3.4 |   5.3 |   8.3 |   0.6 | 4830.0
        Vaults |  17.3 |  18.1 |  15.4 |   0.0 |  21.8 | 65746.8
         Crypt |   6.6 |   5.7 |   9.1 |   8.3 |   7.8 | 39159.3
          Tomb |   2.3 |   2.2 |   2.5 |   0.0 |   2.7 | 20580.5
        Depths |   8.4 |   9.1 |   6.6 |  16.7 |  11.5 | 43402.5
          Hell |   3.7 |   3.8 |   3.3 |   0.0 |   4.3 | 64765.0
           Zot |  11.7 |  13.2 |   7.2 |  33.3 |  24.6 | 74152.6
       Volcano |   0.7 |   0.7 |   0.6 |   0.0 |   0.3 | 4033.0
        Wizlab |   2.4 |   2.0 |   3.5 |   0.0 |   2.1 | 31450.0
      Gauntlet |   0.6 |   0.6 |   0.6 |   0.0 |   0.3 | 5020.0
               +-------+-------+-------+-------+-------+----------------------
